Workbook

Sheet Vecchi Constit ACWI
A1: Constituents MSCI World All Country Index VECCHIA COMPOSIZIONE…..oltre 10 anni fa)
A2: ISIN | B2: BB Ticker | C2: Name | D2: Gics Sector | E2: Gics Industry Group | F2: Gics Industry | G2: Country | H2: Currency | I2: Weight | K2: Sectors | L2: 100
A3: US0378331005 | B3: AAPL UW | C3: APPLE INC | D3: Information Technology | E3: Technology Hardware & Equipmen | F3: Computers & Peripherals | G3: UNITED STATES | H3: USD | I3: 1.7623982 | K3: Information Technology | L3: 12.649187
A4: US30231G1022 | B4: XOM UN | C4: EXXON MOBIL CORP | D4: Energy | E4: Energy | F4: Oil, Gas & Consumable Fuels | G4: UNITED STATES | H4: USD | I4: 1.4738985 | K4: Energy | L4: 11.965988
A5: US5949181045 | B5: MSFT UW | C5: MICROSOFT CORP | D5: Information Technology | E5: Software & Services | F5: Software | G5: UNITED STATES | H5: USD | I5: 0.83869916 | K5: Consumer Staples | L5: 10.00019
A6: US4592001014 | B6: IBM UN | C6: INTL BUSINESS MACHINES CORP | D6: Information Technology | E6: Software & Services | F6: IT Services | G6: UNITED STATES | H6: USD | I6: 0.82339918 | K6: Industrials | L6: 10.595589
A7: US1667641005 | B7: CVX UN | C7: CHEVRON CORP | D7: Energy | E7: Energy | F7: Oil, Gas & Consumable Fuels | G7: UNITED STATES | H7: USD | I7: 0.76599923 | K7: Telecommunication Services | L7: 4.4723955
A8: CH0038863350 | B8: NESN VX | C8: NESTLE SA-REG | D8: Consumer Staples | E8: Food Beverage & Tobacco | F8: Food Products | G8: SWITZERLAND | H8: CHF | I8: 0.70989929 | K8: Health Care | L8: 8.7224913
A9: US3696041033 | B9: GE UN | C9: GENERAL ELECTRIC CO | D9: Industrials | E9: Capital Goods | F9: Industrial Conglomerates | G9: UNITED STATES | H9: USD | I9: 0.70769929 | K9: Financials | L9: 19.379881
A10: US7427181091 | B10: PG UN | C10: PROCTER & GAMBLE CO/THE | D10: Consumer Staples | E10: Household & Personal Products | F10: Household Products | G10: UNITED STATES | H10: USD | I10: 0.65019935 | K10: Materials | L10: 8.2897917
A11: US00206R1023 | B11: T UN | C11: AT&T INC | D11: Telecommunication Services | E11: Telecommunication Services | F11: Diversified Telecommunication | G11: UNITED STATES | H11: USD | I11: 0.63529936 | K11: Consumer Discretionary | L11: 10.28839
A12: US4781601046 | B12: JNJ UN | C12: JOHNSON & JOHNSON | D12: Health Care | E12: Pharmaceuticals, Biotechnology | F12: Pharmaceuticals | G12: UNITED STATES | H12: USD | I12: 0.62499938 | K12: Utilities | L12: 3.6360964
A13: US7170811035 | B13: PFE UN | C13: PFIZER INC | D13: Health Care | E13: Pharmaceuticals, Biotechnology | F13: Pharmaceuticals | G13: UNITED STATES | H13: USD | I13: 0.57689942
A14: GB0005405286 | B14: HSBA LN | C14: HSBC HOLDINGS PLC | D14: Financials | E14: Banks | F14: Commercial Banks | G14: BRITAIN | H14: GBp | I14: 0.55479945 | K14: Currencies | L14: 100
A15: US38259P5089 | B15: GOOG UW | C15: GOOGLE INC-CL A | D15: Information Technology | E15: Software & Services | F15: Internet Software & Services | G15: UNITED STATES | H15: USD | I15: 0.55079945 | K15: USD | L15: 45.453955
A16: US9497461015 | B16: WFC UN | C16: WELLS FARGO & CO | D16: Financials | E16: Banks | F16: Commercial Banks | G16: UNITED STATES | H16: USD | I16: 0.54999945 | K16: CHF | L16: 3.0821969
A17: US46625H1005 | B17: JPM UN | C17: JPMORGAN CHASE & CO | D17: Financials | E17: Diversified Financials | F17: Diversified Financial Services | G17: UNITED STATES | H17: USD | I17: 0.53619946 | K17: GBp | L17: 8.3612916
A18: GB0007980591 | B18: BP/ LN | C18: BP PLC | D18: Energy | E18: Energy | F18: Oil, Gas & Consumable Fuels | G18: BRITAIN | H18: GBp | I18: 0.52219948 | K18: AUD | L18: 3.1774968
A19: US7181721090 | B19: PM UN | C19: PHILIP MORRIS INTERNATIONAL | D19: Consumer Staples | E19: Food Beverage & Tobacco | F19: Tobacco | G19: UNITED STATES | H19: USD | I19: 0.51409949 | K19: EUR | L19: 10.39339
A20: US1912161007 | B20: KO UN | C20: COCA-COLA CO/THE | D20: Consumer Staples | E20: Food Beverage & Tobacco | F20: Beverages | G20: UNITED STATES | H20: USD | I20: 0.50589949 | K20: KRW | L20: 1.960898
A21: US4581401001 | B21: INTC UW | C21: INTEL CORP | D21: Information Technology | E21: Semiconductors & Semiconductor | F21: Semiconductors & Semiconductor | G21: UNITED STATES | H21: USD | I21: 0.49459951 | K21: JPY | L21: 7.8851921
A22: GB00B16GWD56 | B22: VOD LN | C22: VODAFONE GROUP PLC | D22: Telecommunication Services | E22: Telecommunication Services | F22: Wireless Telecommunication Ser | G22: BRITAIN | H22: GBp | I22: 0.48189952 | K22: CAD | L22: 4.4735955
A23: GB00B03MLX29 | B23: RDSA LN | C23: ROYAL DUTCH SHELL PLC-A SHS | D23: Energy | E23: Energy | F23: Oil, Gas & Consumable Fuels | G23: BRITAIN | H23: GBp | I23: 0.46319954 | K23: RUB | L23: 0.77529922
A24: CH0012005267 | B24: NOVN VX | C24: NOVARTIS AG-REG | D24: Health Care | E24: Pharmaceuticals, Biotechnology | F24: Pharmaceuticals | G24: SWITZERLAND | H24: CHF | I24: 0.44749955 | K24: TWD | L24: 1.4559985
A25: AU000000BHP4 | B25: BHP AT | C25: BHP BILLITON LTD | D25: Materials | E25: Materials | F25: Metals & Mining | G25: AUSTRALIA | H25: AUD | I25: 0.43899956 | K25: HKD | L25: 3.4788965
... A48: DE0007236101 | B48: SIE GY | C48: SIEMENS AG-REG | D48: Industrials | E48: Capital Goods | F48: Industrial Conglomerates | G48: GERMANY | H48: EUR | I48: 0.28869971 | K48: PEN | L48: 0.0073999926
A49: GB0008762899 | B49: BG/ LN | C49: BG GROUP PLC | D49: Energy | E49: Energy | F49: Oil, Gas & Consumable Fuels | G49: BRITAIN | H49: GBp | I49: 0.28799971
A50: CA7800871021 | B50: RY CT | C50: ROYAL BANK OF CANADA | D50: Financials | E50: Banks | F50: Commercial Banks | G50: CANADA | H50: CAD | I50: 0.28459972 | K50: Countries | L50: 100
A51: DE000BASF111 | B51: BAS GY | C51: BASF SE | D51: Materials | E51: Materials | F51: Chemicals | G51: GERMANY | H51: EUR | I51: 0.28379972 | K51: UNITED STATES | L51: 45.220355
A52: US0605051046 | B52: BAC UN | C52: BANK OF AMERICA CORP | D52: Financials | E52: Diversified Financials | F52: Diversified Financial Services | G52: UNITED STATES | H52: USD | I52: 0.28309972 | K52: SWITZERLAND | L52: 3.0821969
A53: GB0007188757 | B53: RIO LN | C53: RIO TINTO PLC | D53: Materials | E53: Materials | F53: Metals & Mining | G53: BRITAIN | H53: GBp | I53: 0.28069972 | K53: BRITAIN | L53: 8.3612916
A54: US4370761029 | B54: HD UN | C54: HOME DEPOT INC | D54: Consumer Discretionary | E54: Retailing | F54: Specialty Retail | G54: UNITED STATES | H54: USD | I54: 0.26079974 | K54: AUSTRALIA | L54: 3.1774968
A55: US2546871060 | B55: DIS UN | C55: WALT DISNEY CO/THE | D55: Consumer Discretionary | E55: Media | F55: Media | G55: UNITED STATES | H55: USD | I55: 0.25949974 | K55: FRANCE | L55: 3.4086966
A56: US1491231015 | B56: CAT UN | C56: CATERPILLAR INC | D56: Industrials | E56: Capital Goods | F56: Machinery | G56: UNITED STATES | H56: USD | I56: 0.25859974 | K56: SOUTH KOREA | L56: 1.960898
A57: CA8911605092 | B57: TD CT | C57: TORONTO-DOMINION BANK | D57: Financials | E57: Banks | F57: Commercial Banks | G57: CANADA | H57: CAD | I57: 0.25559974 | K57: JAPAN | L57: 7.8851921
A58: US9130171096 | B58: UTX UN | C58: UNITED TECHNOLOGIES CORP | D58: Industrials | E58: Capital Goods | F58: Aerospace & Defense | G58: UNITED STATES | H58: USD | I58: 0.25369975 | K58: GERMANY | L58: 3.1192969
A59: US0846707026 | B59: BRK/B UN | C59: BERKSHIRE HATHAWAY INC-CL B | D59: Financials | E59: Insurance | F59: Insurance | G59: UNITED STATES | H59: USD | I59: 0.24929975 | K59: CANADA | L59: 4.4735955
A60: RU0007661625 | B60: GAZP RX | C60: GAZPROM OAO | D60: Energy | E60: Energy | F60: Oil, Gas & Consumable Fuels | G60: RUSSIA | H60: RUB | I60: 0.24799975 | K60: RUSSIA | L60: 0.9042991
A61: ES0113900J37 | B61: SAN SQ | C61: BANCO SANTANDER SA | D61: Financials | E61: Banks | F61: Commercial Banks | G61: SPAIN | H61: EUR | I61: 0.24709975 | K61: SPAIN | L61: 1.1164989
... A65: TW0002330008 | B65: 2330 TT | C65: TAIWAN SEMICONDUCTOR MANUFAC | D65: Information Technology | E65: Semiconductors & Semiconductor | F65: Semiconductors & Semiconductor | G65: TAIWAN | H65: TWD | I65: 0.23799976 | K65: BRAZIL | L65: 2.0534979
A66: JP3902900004 | B66: 8306 JT | C66: MITSUBISHI UFJ FINANCIAL GRO | D66: Financials | E66: Banks | F66: Commercial Banks | G66: JAPAN | H66: JPY | I66: 0.23169977 | K66: ITALY | L66: 0.87179913 | M66: meno della metà del peso di Apple
A67: US0231351067 | B67: AMZN UW | C67: AMAZON.COM INC | D67: Consumer Discretionary | E67: Retailing | F67: Internet & Catalog Retail | G67: UNITED STATES | H67: USD | I67: 0.22869977 | K67: NETHERLANDS | L67: 0.89149911
A68: HK0941009539 | B68: 941 HK | C68: CHINA MOBILE LTD | D68: Telecommunication Services | E68: Telecommunication Services | F68: Wireless Telecommunication Ser | G68: CHINA | H68: HKD | I68: 0.22539977 | K68: BELGIUM | L68: 0.35869964
A69: US50075N1046 | B69: KFT UN | C69: KRAFT FOODS INC-CLASS A | D69: Consumer Staples | E69: Food Beverage & Tobacco | F69: Food Products | G69: UNITED STATES | H69: USD | I69: 0.22379978 | K69: MEXICO | L69: 0.58759941
A70: US02209S1033 | B70: MO UN | C70: ALTRIA GROUP INC | D70: Consumer Staples | E70: Food Beverage & Tobacco | F70: Tobacco | G70: UNITED STATES | H70: USD | I70: 0.21849978 | K70: ISRAEL | L70: 0.22819977
A71: AU000000ANZ3 | B71: ANZ AT | C71: AUST AND NZ BANKING GROUP | D71: Financials | E71: Banks | F71: Commercial Banks | G71: AUSTRALIA | H71: AUD | I71: 0.21849978 | K71: SWEDEN | L71: 1.2032988
A72: JP3854600008 | B72: 7267 JT | C72: HONDA MOTOR CO LTD | D72: Consumer Discretionary | E72: Automobiles & Components | F72: Automobiles | G72: JAPAN | H72: JPY | I72: 0.21849978 | K72: NORWAY | L72: 0.36889963
A73: DE0007164600 | B73: SAP GY | C73: SAP AG | D73: Information Technology | E73: Software & Services | F73: Software | G73: GERMANY | H73: EUR | I73: 0.21849978 | K73: HONG KONG | L73: 1.1003989
A74: GB0004082847 | B74: STAN LN | C74: STANDARD CHARTERED PLC | D74: Financials | E74: Banks | F74: Commercial Banks | G74: BRITAIN | H74: GBp | I74: 0.21539978 | K74: SOUTH AFRICA | L74: 1.027699
A75: DE000BAY0017 | B75: BAYN GY | C75: BAYER AG-REG | D75: Health Care | E75: Pharmaceuticals, Biotechnology | F75: Pharmaceuticals | G75: GERMANY | H75: EUR | I75: 0.21519978 | K75: INDIA | L75: 0.88839911
A76: US20030N1019 | B76: CMCSA UW | C76: COMCAST CORP-CLASS A | D76: Consumer Discretionary | E76: Media | F76: Media | G76: UNITED STATES | H76: USD | I76: 0.21519978 | K76: SINGAPORE | L76: 0.66159934
A77: US1266501006 | B77: CVS UN | C77: CVS CAREMARK CORP | D77: Consumer Staples | E77: Food & Staples Retailing | F77: Food & Staples Retailing | G77: UNITED STATES | H77: USD | I77: 0.21259979 | K77: FINLAND | L77: 0.32319968
A78: US92826C8394 | B78: V UN | C78: VISA INC-CLASS A SHARES | D78: Information Technology | E78: Software & Services | F78: IT Services | G78: UNITED STATES | H78: USD | I78: 0.21259979 | K78: INDONESIA | L78: 0.34719965
... A95: US38141G1040 | B95: GS UN | C95: GOLDMAN SACHS GROUP INC | D95: Financials | E95: Diversified Financials | F95: Capital Markets | G95: UNITED STATES | H95: USD | I95: 0.19389981 | K95: PHILIPPINES | L95: 0.097199903
A96: DE0007100000 | B96: DAI GY | C96: DAIMLER AG-REGISTERED SHARES | D96: Consumer Discretionary | E96: Automobiles & Components | F96: Automobiles | G96: GERMANY | H96: EUR | I96: 0.19279981
A97: US1101221083 | B97: BMY UN | C97: BRISTOL-MYERS SQUIBB CO | D97: Health Care | E97: Pharmaceuticals, Biotechnology | F97: Pharmaceuticals | G97: UNITED STATES | H97: USD | I97: 0.19229981
A98: NL0000009355 | B98: UNA NA | C98: UNILEVER NV-CVA | D98: Consumer Staples | E98: Food Beverage & Tobacco | F98: Food Products | G98: NETHERLANDS | H98: EUR | I98: 0.19039981
A99: BE0003793107 | B99: ABI BB | C99: ANHEUSER-BUSCH INBEV NV | D99: Consumer Staples | E99: Food Beverage & Tobacco | F99: Beverages | G99: BELGIUM | H99: EUR | I99: 0.18979981
A100: US0311621009 | B100: AMGN UW | C100: AMGEN INC | D100: Health Care | E100: Pharmaceuticals, Biotechnology | F100: Biotechnology | G100: UNITED STATES | H100: USD | I100: 0.18899981
A101: US9078181081 | B101: UNP UN | C101: UNION PACIFIC CORP | D101: Industrials | E101: Transportation | F101: Road & Rail | G101: UNITED STATES | H101: USD | I101: 0.18859981
A102: US0970231058 | B102: BA UN | C102: BOEING CO/THE | D102: Industrials | E102: Capital Goods | F102: Aerospace & Defense | G102: UNITED STATES | H102: USD | I102: 0.18489982
A103: US4282361033 | B103: HPQ UN | C103: HEWLETT-PACKARD CO | D103: Information Technology | E103: Technology Hardware & Equipmen | F103: Computers & Peripherals | G103: UNITED STATES | H103: USD | I103: 0.18399982
A104: JP3242800005 | B104: 7751 JT | C104: CANON INC | D104: Information Technology | E104: Technology Hardware & Equipmen | F104: Office Electronics | G104: JAPAN | H104: JPY | I104: 0.18059982
A105: CH0024899483 | B105: UBSN VX | C105: UBS AG-REG | D105: Financials | E105: Diversified Financials | F105: Capital Markets | G105: SWITZERLAND | H105: CHF | I105: 0.17909982
A106: CNE1000002H1 | B106: 939 HK | C106: CHINA CONSTRUCTION BANK-H | D106: Financials | E106: Banks | F106: Commercial Banks | G106: CHINA | H106: HKD | I106: 0.17709982
A107: BRVALEACNPA3 | B107: VALE5 BS | C107: VALE SA-PREF | D107: Materials | E107: Materials | F107: Metals & Mining | G107: BRAZIL | H107: BRL | I107: 0.17379983
... A2434: JP3167640006 | B2434: 6665 JT | C2434: ELPIDA MEMORY INC | D2434: Information Technology | E2434: Semiconductors & Semiconductor | F2434: Semiconductors & Semiconductor | G2434: JAPAN | H2434: JPY | I2434: 9.99999e-05

Sheet New ACWI Constit (via ETF)
A1: Ticker dell'emittente | B1: Nome | C1: Settore | D1: Valore di mercato | E1: Ponderazione (%) | F1: Area Geografica | G1: Mercato di quotazione | H1: Valuta
A2: NVDA | B2: NVIDIA CORP | C2: IT | D2: 1.0959142e+09 | E2: 4.79 | F2: Stati Uniti | G2: NASDAQ | H2: USD
A3: MSFT | B3: MICROSOFT CORP | C3: IT | D3: 9.3736331e+08 | E3: 4.1 | F3: Stati Uniti | G3: NASDAQ | H3: USD
A4: AAPL | B4: APPLE INC | C4: IT | D4: 9.0180905e+08 | E4: 3.94 | F4: Stati Uniti | G4: NASDAQ | H4: USD
A5: AMZN | B5: AMAZON COM INC | C5: Consumi Discrezionali | D5: 5.6540352e+08 | E5: 2.47 | F5: Stati Uniti | G5: NASDAQ | H5: USD
A6: META | B6: META PLATFORMS INC CLASS A | C6: Comunicazione | D6: 4.2080416e+08 | E6: 1.84 | F6: Stati Uniti | G6: NASDAQ | H6: USD
A7: NDIA | B7: ISHARES MSCI INDIA UCITS ETF | C7: Finanziari | D7: 3.8512013e+08 | E7: 1.68 | F7: Irlanda | G7: London Stock Exchange | H7: USD
A8: AVGO | B8: BROADCOM INC | C8: IT | D8: 3.5117044e+08 | E8: 1.53 | F8: Stati Uniti | G8: NASDAQ | H8: USD
A9: GOOGL | B9: ALPHABET INC CLASS A | C9: Comunicazione | D9: 3.200063e+08 | E9: 1.4 | F9: Stati Uniti | G9: NASDAQ | H9: USD
A10: GOOG | B10: ALPHABET INC CLASS C | C10: Comunicazione | D10: 2.7582824e+08 | E10: 1.21 | F10: Stati Uniti | G10: NASDAQ | H10: USD
A11: TSLA | B11: TESLA INC | C11: Consumi Discrezionali | D11: 2.5141267e+08 | E11: 1.1 | F11: Stati Uniti | G11: NASDAQ | H11: USD
A12: 2330 | B12: TAIWAN SEMICONDUCTOR MANUFACTURING | C12: IT | D12: 2.4350582e+08 | E12: 1.06 | F12: Taiwan | G12: Taiwan Stock Exchange | H12: TWD
A13: JPM | B13: JPMORGAN CHASE & CO | C13: Finanziari | D13: 215472312 | E13: 0.94 | F13: Stati Uniti | G13: New York Stock Exchange Inc. | H13: USD
A14: BRKB | B14: BERKSHIRE HATHAWAY INC CLASS B | C14: Finanziari | D14: 177604016 | E14: 0.78 | F14: Stati Uniti | G14: New York Stock Exchange Inc. | H14: USD
A15: V | B15: VISA INC CLASS A | C15: Finanziari | D15: 1.5802615e+08 | E15: 0.69 | F15: Stati Uniti | G15: New York Stock Exchange Inc. | H15: USD
A16: LLY | B16: ELI LILLY | C16: Salute | D16: 1.557875e+08 | E16: 0.68 | F16: Stati Uniti | G16: New York Stock Exchange Inc. | H16: USD
A17: NFLX | B17: NETFLIX INC | C17: Comunicazione | D17: 1.3591112e+08 | E17: 0.59 | F17: Stati Uniti | G17: NASDAQ | H17: USD
A18: MA | B18: MASTERCARD INC CLASS A | C18: Finanziari | D18: 1.3487889e+08 | E18: 0.59 | F18: Stati Uniti | G18: New York Stock Exchange Inc. | H18: USD
A19: XOM | B19: EXXON MOBIL CORP | C19: Energia | D19: 1.3062572e+08 | E19: 0.57 | F19: Stati Uniti | G19: New York Stock Exchange Inc. | H19: USD
A20: 700 | B20: TENCENT HOLDINGS LTD | C20: Comunicazione | D20: 1.2706133e+08 | E20: 0.56 | F20: Cina | G20: Hong Kong Exchanges And Clearing Ltd | H20: HKD
A21: 4BRZ | B21: ISHARES MSCI BRAZIL UCITS ET USDHA | C21: Finanziari | D21: 1.110278e+08 | E21: 0.49 | F21: Germania | G21: Xetra | H21: USD
A22: WMT | B22: WALMART INC | C22: Generi di largo consumo | D22: 1.1288592e+08 | E22: 0.49 | F22: Stati Uniti | G22: New York Stock Exchange Inc. | H22: USD
A23: JNJ | B23: JOHNSON & JOHNSON | C23: Salute | D23: 1.1249439e+08 | E23: 0.49 | F23: Stati Uniti | G23: New York Stock Exchange Inc. | H23: USD
A24: COST | B24: COSTCO WHOLESALE CORP | C24: Generi di largo consumo | D24: 1.0876887e+08 | E24: 0.48 | F24: Stati Uniti | G24: NASDAQ | H24: USD
A25: HD | B25: HOME DEPOT INC | C25: Consumi Discrezionali | D25: 1.065678e+08 | E25: 0.47 | F25: Stati Uniti | G25: New York Stock Exchange Inc. | H25: USD
A26: ORCL | B26: ORACLE CORP | C26: IT | D26: 1.0056108e+08 | E26: 0.44 | F26: Stati Uniti | G26: New York Stock Exchange Inc. | H26: USD
A27: CNYA | B27: ISH MSCI CHINA A ETF USD ACC | C27: Finanziari | D27: 98831308 | E27: 0.43 | F27: Irlanda | G27: London Stock Exchange | H27: USD
A28: ABBV | B28: ABBVIE INC | C28: Salute | D28: 98254165 | E28: 0.43 | F28: Stati Uniti | G28: New York Stock Exchange Inc. | H28: USD
A29: PG | B29: PROCTER & GAMBLE | C29: Generi di largo consumo | D29: 96892423 | E29: 0.42 | F29: Stati Uniti | G29: New York Stock Exchange Inc. | H29: USD
A30: BAC | B30: BANK OF AMERICA CORP | C30: Finanziari | D30: 92712296 | E30: 0.41 | F30: Stati Uniti | G30: New York Stock Exchange Inc. | H30: USD
A31: PLTR | B31: PALANTIR TECHNOLOGIES INC CLASS A | C31: IT | D31: 93891279 | E31: 0.41 | F31: Stati Uniti | G31: NASDAQ | H31: USD
A32: CVX | B32: CHEVRON CORP | C32: Energia | D32: 83444403 | E32: 0.36 | F32: Stati Uniti | G32: New York Stock Exchange Inc. | H32: USD
A33: 9988 | B33: ALIBABA GROUP HOLDING LTD | C33: Consumi Discrezionali | D33: 76855885 | E33: 0.34 | F33: Cina | G33: Hong Kong Exchanges And Clearing Ltd | H33: HKD
A34: IKSA | B34: ISHARES MSCI SAUDI ARABIA CAPPED | C34: Finanziari | D34: 78489769 | E34: 0.34 | F34: Irlanda | G34: London Stock Exchange | H34: USD
A35: GE | B35: GE AEROSPACE | C35: Industriali | D35: 76614324 | E35: 0.33 | F35: Stati Uniti | G35: New York Stock Exchange Inc. | H35: USD
A36: KO | B36: COCA-COLA | C36: Generi di largo consumo | D36: 74096200 | E36: 0.32 | F36: Stati Uniti | G36: New York Stock Exchange Inc. | H36: USD
A37: ASML | B37: ASML HOLDING NV | C37: IT | D37: 74365988 | E37: 0.32 | F37: Paesi Bassi | G37: Euronext Amsterdam | H37: EUR
A38: SAP | B38: SAP | C38: IT | D38: 73717101 | E38: 0.32 | F38: Germania | G38: Xetra | H38: EUR
A39: UNH | B39: UNITEDHEALTH GROUP INC | C39: Salute | D39: 73967790 | E39: 0.32 | F39: Stati Uniti | G39: New York Stock Exchange Inc. | H39: USD
A40: WFC | B40: WELLS FARGO | C40: Finanziari | D40: 70401131 | E40: 0.31 | F40: Stati Uniti | G40: New York Stock Exchange Inc. | H40: USD
A41: CSCO | B41: CISCO SYSTEMS INC | C41: IT | D41: 70400266 | E41: 0.31 | F41: Stati Uniti | G41: NASDAQ | H41: USD
A42: PM | B42: PHILIP MORRIS INTERNATIONAL INC | C42: Generi di largo consumo | D42: 67836004 | E42: 0.3 | F42: Stati Uniti | G42: New York Stock Exchange Inc. | H42: USD
A43: AMD | B43: ADVANCED MICRO DEVICES INC | C43: IT | D43: 69167311 | E43: 0.3 | F43: Stati Uniti | G43: NASDAQ | H43: USD
A44: NOVN | B44: NOVARTIS AG | C44: Salute | D44: 66288711 | E44: 0.29 | F44: Svizzera | G44: SIX Swiss Exchange | H44: CHF
A45: NESN | B45: NESTLE SA | C45: Generi di largo consumo | D45: 64714242 | E45: 0.28 | F45: Svizzera | G45: SIX Swiss Exchange | H45: CHF
... A69: VZ | B69: VERIZON COMMUNICATIONS INC | C69: Comunicazione | D69: 46949176 | E69: 0.21 | F69: Stati Uniti | G69: New York Stock Exchange Inc. | H69: USD
A70: 7203 | B70: TOYOTA MOTOR CORP | C70: Consumi Discrezionali | D70: 48126974 | E70: 0.21 | F70: Giappone | G70: Tokyo Stock Exchange | H70: JPY
A71: BKNG | B71: BOOKING HOLDINGS INC | C71: Consumi Discrezionali | D71: 47479863 | E71: 0.21 | F71: Stati Uniti | G71: NASDAQ | H71: USD
A72: MS | B72: MORGAN STANLEY | C72: Finanziari | D72: 47407236 | E72: 0.21 | F72: Stati Uniti | G72: New York Stock Exchange Inc. | H72: USD
A73: UBER | B73: UBER TECHNOLOGIES INC | C73: Industriali | D73: 48204957 | E73: 0.21 | F73: Stati Uniti | G73: New York Stock Exchange Inc. | H73: USD
A74: TXN | B74: TEXAS INSTRUMENT INC | C74: IT | D74: 48100261 | E74: 0.21 | F74: Stati Uniti | G74: NASDAQ | H74: USD
A75: TMO | B75: THERMO FISHER SCIENTIFIC INC | C75: Salute | D75: 48362976 | E75: 0.21 | F75: Stati Uniti | G75: New York Stock Exchange Inc. | H75: USD
A76: NOVO B | B76: NOVO NORDISK CLASS B | C76: Salute | D76: 47180507 | E76: 0.21 | F76: Danimarca | G76: Omx Nordic Exchange Copenhagen A/S | H76: DKK
A77: 8306 | B77: MITSUBISHI UFJ FINANCIAL GROUP INC | C77: Finanziari | D77: 45953975 | E77: 0.2 | F77: Giappone | G77: Tokyo Stock Exchange | H77: JPY
A78: C | B78: CITIGROUP INC | C78: Finanziari | D78: 45632968 | E78: 0.2 | F78: Stati Uniti | G78: New York Stock Exchange Inc. | H78: USD
A79: SPGI | B79: S&P GLOBAL INC | C79: Finanziari | D79: 45241799 | E79: 0.2 | F79: Stati Uniti | G79: New York Stock Exchange Inc. | H79: USD
A80: BA | B80: BOEING | C80: Industriali | D80: 46319722 | E80: 0.2 | F80: Stati Uniti | G80: New York Stock Exchange Inc. | H80: USD
A81: QCOM | B81: QUALCOMM INC | C81: IT | D81: 45897264 | E81: 0.2 | F81: Stati Uniti | G81: NASDAQ | H81: USD
A82: 6758 | B82: SONY GROUP CORP | C82: Consumi Discrezionali | D82: 43692248 | E82: 0.19 | F82: Giappone | G82: Tokyo Stock Exchange | H82: JPY
A83: MC | B83: LVMH | C83: Consumi Discrezionali | D83: 42743402 | E83: 0.19 | F83: Francia | G83: Nyse Euronext - Euronext Paris | H83: EUR
A84: SCHW | B84: CHARLES SCHWAB CORP | C84: Finanziari | D84: 43605991 | E84: 0.19 | F84: Stati Uniti | G84: New York Stock Exchange Inc. | H84: USD
A85: BLK | B85: BLACKROCK INC | C85: Finanziari | D85: 43147173 | E85: 0.19 | F85: Stati Uniti | G85: New York Stock Exchange Inc. | H85: USD
A86: SHOP | B86: SHOPIFY SUBORDINATE VOTING INC CLA | C86: IT | D86: 43903251 | E86: 0.19 | F86: Canada | G86: Toronto Stock Exchange | H86: CAD
A87: ISRG | B87: INTUITIVE SURGICAL INC | C87: Salute | D87: 44166224 | E87: 0.19 | F87: Stati Uniti | G87: NASDAQ | H87: USD
A88: TJX | B88: TJX INC | C88: Consumi Discrezionali | D88: 41536219 | E88: 0.18 | F88: Stati Uniti | G88: New York Stock Exchange Inc. | H88: USD
A89: ALV | B89: ALLIANZ | C89: Finanziari | D89: 40282545 | E89: 0.18 | F89: Germania | G89: Xetra | H89: EUR
A90: ULVR | B90: UNILEVER PLC | C90: Generi di largo consumo | D90: 41381581 | E90: 0.18 | F90: Regno unito | G90: London Stock Exchange | H90: GBP
A91: GEV | B91: GE VERNOVA INC | C91: Industriali | D91: 41353792 | E91: 0.18 | F91: Stati Uniti | G91: New York Stock Exchange Inc. | H91: USD
A92: ACN | B92: ACCENTURE PLC CLASS A | C92: IT | D92: 41175997 | E92: 0.18 | F92: Stati Uniti | G92: New York Stock Exchange Inc. | H92: USD
A93: BSX | B93: BOSTON SCIENTIFIC CORP | C93: Salute | D93: 41128949 | E93: 0.18 | F93: Stati Uniti | G93: New York Stock Exchange Inc. | H93: USD
A94: LOW | B94: LOWES COMPANIES INC | C94: Consumi Discrezionali | D94: 38227800 | E94: 0.17 | F94: Stati Uniti | G94: New York Stock Exchange Inc. | H94: USD
... A125: DE | B125: DEERE | C125: Industriali | D125: 32370501 | E125: 0.14 | F125: Stati Uniti | G125: New York Stock Exchange Inc. | H125: USD
A126: 6501 | B126: HITACHI LTD | C126: Industriali | D126: 32234805 | E126: 0.14 | F126: Giappone | G126: Tokyo Stock Exchange | H126: JPY
A127: ADP | B127: AUTOMATIC DATA PROCESSING INC | C127: Industriali | D127: 31965674 | E127: 0.14 | F127: Stati Uniti | G127: NASDAQ | H127: USD
A128: AIR | B128: AIRBUS GROUP | C128: Industriali | D128: 31377624 | E128: 0.14 | F128: Francia | G128: Nyse Euronext - Euronext Paris | H128: EUR
A129: SAF | B129: SAFRAN SA | C129: Industriali | D129: 31074125 | E129: 0.14 | F129: Francia | G129: Nyse Euronext - Euronext Paris | H129: EUR
A130: LRCX | B130: LAM RESEARCH CORP | C130: IT | D130: 32838348 | E130: 0.14 | F130: Stati Uniti | G130: NASDAQ | H130: USD
A131: ADI | B131: ANALOG DEVICES INC | C131: IT | D131: 32787924 | E131: 0.14 | F131: Stati Uniti | G131: NASDAQ | H131: USD
A132: 1810 | B132: XIAOMI CORP | C132: IT | D132: 31446867 | E132: 0.14 | F132: Cina | G132: Hong Kong Exchanges And Clearing Ltd | H132: HKD
A133: BBVA | B133: BANCO BILBAO VIZCAYA ARGENTARIA SA | C133: Finanziari | D133: 29078915 | E133: 0.13 | F133: Spagna | G133: Bolsa De Madrid | H133: EUR
A134: UCG | B134: UNICREDIT | C134: Finanziari | D134: 28952085 | E134: 0.13 | F134: Italia | G134: Borsa Italiana | H134: EUR
A135: MO | B135: ALTRIA GROUP INC | C135: Generi di largo consumo | D135: 30725468 | E135: 0.13 | F135: Stati Uniti | G135: New York Stock Exchange Inc. | H135: USD
A136: BATS | B136: BRITISH AMERICAN TOBACCO | C136: Generi di largo consumo | D136: 29400566 | E136: 0.13 | F136: Regno unito | G136: London Stock Exchange | H136: GBP
A137: OR | B137: LOREAL SA | C137: Generi di largo consumo | D137: 28793734 | E137: 0.13 | F137: Francia | G137: Nyse Euronext - Euronext Paris | H137: EUR
A138: WELL | B138: WELLTOWER INC | C138: Immobili | D138: 29915590 | E138: 0.13 | F138: Stati Uniti | G138: New York Stock Exchange Inc. | H138: USD
A139: KLAC | B139: KLA CORP | C139: IT | D139: 30549003 | E139: 0.13 | F139: Stati Uniti | G139: NASDAQ | H139: USD
A140: APP | B140: APPLOVIN CORP CLASS A | C140: IT | D140: 29795000 | E140: 0.13 | F140: Stati Uniti | G140: NASDAQ | H140: USD
A141: MDT | B141: MEDTRONIC PLC | C141: Salute | D141: 30723396 | E141: 0.13 | F141: Stati Uniti | G141: New York Stock Exchange Inc. | H141: USD
A142: SPOT | B142: SPOTIFY TECHNOLOGY SA | C142: Comunicazione | D142: 28249594 | E142: 0.12 | F142: Svezia | G142: New York Stock Exchange Inc. | H142: USD
A143: MELI | B143: MERCADOLIBRE INC | C143: Consumi Discrezionali | D143: 27381519 | E143: 0.12 | F143: Stati Uniti | G143: NASDAQ | H143: USD
A144: SBUX | B144: STARBUCKS CORP | C144: Consumi Discrezionali | D144: 26675793 | E144: 0.12 | F144: Stati Uniti | G144: NASDAQ | H144: USD
... A146: CB | B146: CHUBB LTD | C146: Finanziari | D146: 28597241 | E146: 0.12 | F146: Stati Uniti | G146: New York Stock Exchange Inc. | H146: USD
A147: 939 | B147: CHINA CONSTRUCTION BANK CORP H | C147: Finanziari | D147: 27120173 | E147: 0.12 | F147: Cina | G147: Hong Kong Exchanges And Clearing Ltd | H147: HKD
A148: 8316 | B148: SUMITOMO MITSUI FINANCIAL GROUP IN | C148: Finanziari | D148: 27104910 | E148: 0.12 | F148: Giappone | G148: Tokyo Stock Exchange | H148: JPY
A149: 1299 | B149: AIA GROUP LTD | C149: Finanziari | D149: 27098954 | E149: 0.12 | F149: Hong Kong | G149: Hong Kong Exchanges And Clearing Ltd | H149: HKD
A150: ZURN | B150: ZURICH INSURANCE GROUP AG | C150: Finanziari | D150: 27027157 | E150: 0.12 | F150: Svizzera | G150: SIX Swiss Exchange | H150: CHF
A151: PLD | B151: PROLOGIS REIT INC | C151: Immobili | D151: 27658829 | E151: 0.12 | F151: Stati Uniti | G151: New York Stock Exchange Inc. | H151: USD
A152: ABBN | B152: ABB LTD | C152: Industriali | D152: 27360796 | E152: 0.12 | F152: Svizzera | G152: SIX Swiss Exchange | H152: CHF
A153: SNPS | B153: SYNOPSYS INC | C153: IT | D153: 28599411 | E153: 0.12 | F153: Stati Uniti | G153: NASDAQ | H153: USD
A154: INTC | B154: INTEL CORPORATION CORP | C154: IT | D154: 26997782 | E154: 0.12 | F154: Stati Uniti | G154: NASDAQ | H154: USD
...

Sheet Serie Storiche
B1: Monetario Area € | C1: Obbl € Short Term (1-3 yrs) | D1: Obbl € MLT | E1: Global Bond Dev Mkts | F1: Obbl Corp. High Yield | G1: Obbl Emerg. Markets | H1: Az Europa | I1: Az Nord America | J1: Az Pacifico | K1: Az Emerg. Markets
B2: Ice Bofa Euro 0-1 anni | C2: Ice Bofa Bond Euro 1-3 Y | D2: Ice Bofa Obbl. Euro | E2: Ice Bofa Obbl. Globale | F2: Ice Bofa Global HY | G2: Ice Bofa Obbl Emergente | H2: MSCI Europe | I2: MSCI North America | J2: MSCI Pacific | K2: MSCI Emerging Markets
A3: 2000 | B3: 0.043210458 | C3: 0.047892032 | D3: 0.083903018 | E3: 0.10487753 | F3: 0.0057225468 | G3: 0.17383462 | H3: -0.019300397 | I3: -0.057888151 | J3: -0.20614969 | K3: -0.25916788
A4: 2001 | B4: 0.047402997 | C4: 0.059393889 | D4: 0.062532541 | E4: 0.047453241 | F4: 0.087266411 | G4: 0.069257981 | H4: -0.15262665 | I4: -0.076290839 | J4: -0.21150835 | K4: 0.029399749
A5: 2002 | B5: 0.035273134 | C5: 0.059999736 | D5: 0.08487556 | E5: 0.0031368277 | F5: -0.16127991 | G5: -0.049689976 | H5: -0.30504445 | I5: -0.34110843 | J5: -0.22793553 | K5: -0.20242283
A6: 2003 | B6: 0.025411503 | C6: 0.033410167 | D6: 0.037685942 | E6: -0.049184812 | F6: 0.087401597 | G6: 0.014666739 | H6: 0.15761029 | I6: 0.082617922 | J6: 0.15629158 | K6: 0.30017289
A7: 2004 | B7: 0.021831288 | C7: 0.033969726 | D7: 0.075593423 | E7: 0.020888849 | F7: 0.043264419 | G7: 0.051034586 | H7: 0.12646241 | I7: 0.032721522 | J7: 0.10709243 | K7: 0.16880286
A8: 2005 | B8: 0.021950303 | C8: 0.020481815 | D8: 0.056697384 | E8: 0.07925695 | F8: 0.16937125 | G8: 0.24110171 | H8: 0.26679539 | I8: 0.23225417 | J8: 0.4174703 | K8: 0.55039624
A9: 2006 | B9: 0.03016019 | C9: 0.017654016 | D9: -0.0028239842 | E9: -0.05107058 | F9: 0.015390709 | G9: -0.0018941893 | H9: 0.20183832 | I9: 0.033003098 | J9: 0.0063905048 | K9: 0.18598341
A10: 2007 | B10: 0.044157779 | C10: 0.037934887 | D10: 0.0097233134 | E10: -0.0086455151 | F10: -0.07089022 | G10: -0.0053456654 | H10: 0.031744812 | I10: -0.028932587 | J10: -0.047486666 | K10: 0.26070317
A11: 2008 | B11: 0.057465407 | C11: 0.070002921 | D11: 0.099693757 | E11: 0.18469272 | F11: -0.24126013 | G11: -0.012968904 | H11: -0.43286399 | I11: -0.34579211 | J11: -0.32865114 | K11: -0.50755916
A12: 2009 | B12: 0.023113024 | C12: 0.042513396 | D12: 0.043247221 | E12: -0.01275322 | F12: 0.56925753 | G12: 0.14658974 | H12: 0.32548822 | I12: 0.25316067 | J12: 0.20469975 | K12: 0.73444663
A13: 2010 | B13: 0.011052959 | C13: 0.0089584445 | D13: 0.01143811 | E13: 0.14098047 | F13: 0.21801765 | G13: 0.17277332 | H13: 0.11747023 | I13: 0.24041419 | J13: 0.24141549 | K13: 0.27476196
A14: 2011 | B14: 0.015905964 | C14: 0.0025226178 | D14: 0.021785493 | E14: 0.13575395 | F14: 0.060595095 | G14: 0.051516516 | H14: -0.075109009 | I14: 0.039165051 | J14: -0.10717121 | K14: -0.15437573
... A27: 2024 | B27: 0.035102196 | C27: 0.036641592 | D27: 0.019536411 | E27: 0.030835549 | F27: 0.16733265 | G27: 0.14425464 | H27: 0.092716357 | I27: 0.32858683 | J27: 0.14489331 | K27: 0.15266077
A29: REND MEDIO annuo
A31: SIGMA annuo
B35: Bofa ML Euro 0-1 anni | C35: Bofa ML Bond Euro 1-3 Y | D35: Bofa ML Obbl. Euro | E35: Bofa ML Obbl. Globale | F35: ML Global HY | G35: Bofa ML Obbl Emergente | H35: MSCI Europe | I35: MSCI North America | J35: MSCI Pacific | K35: MSCI Emerging Markets
A36: Bofa ML Euro 0-1 anni
A37: Bofa ML Bond Euro 1-3 Y
A38: Bofa ML Obbl. Euro
A39: Bofa ML Obbl. Globale
A40: ML Global HY
A41: Bofa ML Obbl Emergente
A42: MSCI Europe
A43: MSCI North America
A44: MSCI Pacific
A45: MSCI Emerging Markets

Sheet Copertura Obbl Globale
B1: WD CITIGROUP WGBI WORLD ALL MATS: TOTAL RETURN HEDGED - (E) | C1: WD CITIGROUP WGBI WORLD ALL MATS: TOTAL RETURN - (E) | D1: CGBI WGBI EMU ALL MATS. (E) - TOT RETURN IND
A2: 36585 | B2: 0.006986195 | C2: 0.0089103345 | D2: 0.0062819245
A3: 36616 | B3: 0.013425251 | C3: 0.0373187 | D3: 0.015954725
A4: 36644 | B4: 0.00058092648 | C4: 0.015751944 | D4: -0.00049358839
A5: 36677 | B5: 0.004043633 | C5: -0.0097054817 | D5: 0.0024691607
A6: 36707 | B6: 0.0060818395 | C6: -0.0090824207 | D6: 0.0042023143
A7: 36738 | B7: 0.0061104387 | C7: 0.017024963 | D7: 0.0039244346
A8: 36769 | B8: 0.002092397 | C8: 0.034338196 | D8: -3.988871e-05
A9: 36798 | B9: 0.0048892049 | C9: 0.0054920454 | D9: 0.0073098978
A10: 36830 | B10: 0.0070055773 | C10: 0.027951798 | D10: 0.0045441945
A11: 36860 | B11: 0.016198017 | C11: -0.0069729864 | D11: 0.014684577
A12: 36889 | B12: 0.011443976 | C12: -0.039624314 | D12: 0.014287518
A13: 36922 | B13: 0.0089286482 | C13: 0.0082825554 | D13: 0.0072968936
... A308: 45898 | B308: 0.00083945571 | C308: -0.0089869821 | D308: -0.004484608
B310: WD CITIGROUP WGBI WORLD ALL MATS: TOTAL RETURN HEDGED - (E) | C310: WD CITIGROUP WGBI WORLD ALL MATS: TOTAL RETURN - (E) | D310: CGBI WGBI EMU ALL MATS. (E) - TOT RETURN IND
A311: Sigma mensili
B314: WD CITIGROUP WGBI WORLD ALL MATS: TOTAL RETURN HEDGED - (E) | C314: WD CITIGROUP WGBI WORLD ALL MATS: TOTAL RETURN - (E) | D314: CGBI WGBI EMU ALL MATS. (E) - TOT RETURN IND
A315: WD CITIGROUP WGBI WORLD ALL MATS: TOTAL RETURN HEDGED - (E)
A316: WD CITIGROUP WGBI WORLD ALL MATS: TOTAL RETURN - (E)
A317: CGBI WGBI EMU ALL MATS. (E) - TOT RETURN IND

Sheet Copertura Az.rio USA
B1: MSCI USA € | C1: MSCI USA $ | D1: MSCI USA HEDGED € | H1: €/$
A2: 36585 | B2: -0.008931566 | C2: -0.024737802 | D2: -0.027236265 | H2: 0.016207166
A3: 36616 | B3: 0.10554775 | C3: 0.098830027 | D3: 0.097324767 | H3: 0.0061135223
A4: 36644 | B4: 0.015185392 | C4: -0.033246032 | D4: -0.036875218 | H4: 0.050096949
A5: 36677 | B5: -0.044311016 | C5: -0.027375489 | D5: -0.029123571 | H5: -0.017412195
A6: 36707 | B6: -0.010205901 | C6: 0.023039896 | D6: 0.019811233 | H6: -0.032497068
A7: 36738 | B7: 0.015009355 | C7: -0.018821321 | D7: -0.021075781 | H7: 0.034479628
A8: 36769 | B8: 0.095421776 | C8: 0.051030496 | D8: 0.051296452 | H8: 0.042235958
A9: 36798 | B9: -0.048207263 | C9: -0.055271804 | D9: -0.056807052 | H9: 0.0074778554
A10: 36830 | B10: 0.032726987 | C10: -0.0080596293 | D10: -0.009855565 | H10: 0.041118012
A11: 36860 | B11: -0.10413021 | C11: -0.079925107 | D11: -0.079209809 | H11: -0.026307751
A12: 36889 | B12: -0.075191269 | C12: -0.0025792118 | D12: -0.0040692497 | H12: -0.072799824
A13: 36922 | B13: 0.045542554 | C13: 0.035634277 | D13: 0.034454437 | H13: 0.0095673514
... A308: 45898 | B308: -0.004120203 | C308: 0.018458435 | D308: 0.016124165 | H308: -0.022169425
B310: MSCI USA € | C310: MSCI USA $ | D310: MSCI USA HEDGED € | F310: correl az USA e Cambio
A311: Sigma Mensili
B314: =B1 -> MSCI USA € | C314: =C1 -> MSCI USA $ | D314: =D1 -> MSCI USA HEDGED €
A315: =B314 -> MSCI USA €
A316: =C314 -> MSCI USA $
A317: =D314 -> MSCI USA HEDGED €

Sheet GRIGLIA1
A2: OT/Toll Risk | B2: B | C2: MB | D2: M | E2: MA | F2: A
A3: 1 yr
A4: 3 yr
A5: 5 yr
A6: 10 yr
A7: >10 yr

Sheet Strategia Naive
A1: Asset Classes | B1: AAS Neutrale HBA | C1: AAS Naive | E1: PESI | F1: naive | G1: neutrale HBA | P1: COMPOSIZIONE DEI PORTAFOGLI NAIVE
A2: Monetario Area € | B2: =$E$2*G2 -> 0.04 | C2: =$E$2*F2 -> 0 | E2: =1-E8 -> 1 | G2: 0.04 | H2: =A2 -> Monetario Area € | P2: Porzione Azionaria | Q2: {=TRANSPOSE(A2:A12)} -> Monetario Area € | R2: Obbl € Short Term (1-3 yrs) | S2: Obbl € MLT | T2: Global Bond Dev Mkts | U2: Obbl Corp. Globale HY | V2: Obbl Emerg. Markets | W2: Az Europa | X2: Az Nord America | Y2: Az Pacifico | Z2: Az Emerg. Markets | AA2: Opportunities
A3: Obbl € Short Term (1-3 yrs) | B3: =$E$2*G3 -> 0.07 | C3: =$E$2*F3 -> 0 | G3: 0.07 | H3: =A3 -> Obbl € Short Term (1-3 yrs) | P3: 0 | Q3: {=(1-$P3)*TRANSPOSE($F$2:$F$7)} -> 0 | R3: 0 | S3: 0 | T3: 0 | U3: 0 | V3: 0 | W3: {=$P3*TRANSPOSE($F$8:$F$12)} -> 0 | X3: 0 | Y3: 0 | Z3: 0 | AA3: 0
A4: Obbl € MLT | B4: =$E$2*G4 -> 0.16 | C4: =$E$2*F4 -> 0 | G4: 0.16 | H4: =A4 -> Obbl € MLT | P4: 0.01 | Q4: {=(1-$P4)*TRANSPOSE($F$2:$F$7)} -> 0 | R4: 0 | S4: 0 | T4: 0 | U4: 0 | V4: 0 | W4: {=$P4*TRANSPOSE($F$8:$F$12)} -> 0 | X4: 0 | Y4: 0 | Z4: 0 | AA4: 0
A5: Global Bond Dev Mkts | B5: =$E$2*G5 -> 0.6 | C5: =$E$2*F5 -> 0 | G5: 0.6 | H5: =A5 -> Global Bond Dev Mkts | P5: 0.02 | Q5: {=(1-$P5)*TRANSPOSE($F$2:$F$7)} -> 0 | R5: 0 | S5: 0 | T5: 0 | U5: 0 | V5: 0 | W5: {=$P5*TRANSPOSE($F$8:$F$12)} -> 0 | X5: 0 | Y5: 0 | Z5: 0 | AA5: 0
A6: Obbl Corp. Globale HY | B6: =$E$2*G6 -> 0.05 | C6: =$E$2*F6 -> 0 | G6: 0.05 | H6: =A6 -> Obbl Corp. Globale HY | P6: 0.03 | Q6: {=(1-$P6)*TRANSPOSE($F$2:$F$7)} -> 0 | R6: 0 | S6: 0 | T6: 0 | U6: 0 | V6: 0 | W6: {=$P6*TRANSPOSE($F$8:$F$12)} -> 0 | X6: 0 | Y6: 0 | Z6: 0 | AA6: 0
A7: Obbl Emerg. Markets | B7: =$E$2*G7 -> 0.08 | C7: =$E$2*F7 -> 0 | G7: 0.08 | H7: =A7 -> Obbl Emerg. Markets | P7: 0.04 | Q7: {=(1-$P7)*TRANSPOSE($F$2:$F$7)} -> 0 | R7: 0 | S7: 0 | T7: 0 | U7: 0 | V7: 0 | W7: {=$P7*TRANSPOSE($F$8:$F$12)} -> 0 | X7: 0 | Y7: 0 | Z7: 0 | AA7: 0
A8: Az Europa | B8: =$E$8*G8 -> 0 | C8: =$E$8*F8 -> 0 | G8: 0.18 | H8: =A8 -> Az Europa | P8: 0.05 | Q8: {=(1-$P8)*TRANSPOSE($F$2:$F$7)} -> 0 | R8: 0 | S8: 0 | T8: 0 | U8: 0 | V8: 0 | W8: {=$P8*TRANSPOSE($F$8:$F$12)} -> 0 | X8: 0 | Y8: 0 | Z8: 0 | AA8: 0
A9: Az Nord America | B9: =$E$8*G9 -> 0 | C9: =$E$8*F9 -> 0 | G9: 0.55 | H9: =A9 -> Az Nord America | P9: 0.06 | Q9: {=(1-$P9)*TRANSPOSE($F$2:$F$7)} -> 0 | R9: 0 | S9: 0 | T9: 0 | U9: 0 | V9: 0 | W9: {=$P9*TRANSPOSE($F$8:$F$12)} -> 0 | X9: 0 | Y9: 0 | Z9: 0 | AA9: 0
A10: Az Pacifico | B10: =$E$8*G10 -> 0 | C10: =$E$8*F10 -> 0 | G10: 0.09 | H10: =A10 -> Az Pacifico | P10: 0.07 | Q10: {=(1-$P10)*TRANSPOSE($F$2:$F$7)} -> 0 | R10: 0 | S10: 0 | T10: 0 | U10: 0 | V10: 0 | W10: {=$P10*TRANSPOSE($F$8:$F$12)} -> 0 | X10: 0 | Y10: 0 | Z10: 0 | AA10: 0
A11: Az Emerg. Markets | B11: =$E$8*G11 -> 0 | C11: =$E$8*F11 -> 0 | G11: 0.13 | H11: =A11 -> Az Emerg. Markets | P11: 0.08 | Q11: {=(1-$P11)*TRANSPOSE($F$2:$F$7)} -> 0 | R11: 0 | S11: 0 | T11: 0 | U11: 0 | V11: 0 | W11: {=$P11*TRANSPOSE($F$8:$F$12)} -> 0 | X11: 0 | Y11: 0 | Z11: 0 | AA11: 0
A12: Opportunities | B12: =$E$8*G12 -> 0 | C12: =$E$8*F12 -> 0 | G12: 0.05 | H12: =A12 -> Opportunities | P12: 0.09 | Q12: {=(1-$P12)*TRANSPOSE($F$2:$F$7)} -> 0 | R12: 0 | S12: 0 | T12: 0 | U12: 0 | V12: 0 | W12: {=$P12*TRANSPOSE($F$8:$F$12)} -> 0 | X12: 0 | Y12: 0 | Z12: 0 | AA12: 0
B13: Previsioni di Lungo Termine | P13: 0.1 | Q13: {=(1-$P13)*TRANSPOSE($F$2:$F$7)} -> 0 | R13: 0 | S13: 0 | T13: 0 | U13: 0 | V13: 0 | W13: {=$P13*TRANSPOSE($F$8:$F$12)} -> 0 | X13: 0 | Y13: 0 | Z13: 0 | AA13: 0
B14: view | C14: fiducia | P14: 0.11 | Q14: {=(1-$P14)*TRANSPOSE($F$2:$F$7)} -> 0 | R14: 0 | S14: 0 | T14: 0 | U14: 0 | V14: 0 | W14: {=$P14*TRANSPOSE($F$8:$F$12)} -> 0 | X14: 0 | Y14: 0 | Z14: 0 | AA14: 0
A15: Tassi di interesse in € | B15: stabili | C15: media | P15: 0.12 | Q15: {=(1-$P15)*TRANSPOSE($F$2:$F$7)} -> 0 | R15: 0 | S15: 0 | T15: 0 | U15: 0 | V15: 0 | W15: {=$P15*TRANSPOSE($F$8:$F$12)} -> 0 | X15: 0 | Y15: 0 | Z15: 0 | AA15: 0
P16: 0.13 | Q16: {=(1-$P16)*TRANSPOSE($F$2:$F$7)} -> 0 | R16: 0 | S16: 0 | T16: 0 | U16: 0 | V16: 0 | W16: {=$P16*TRANSPOSE($F$8:$F$12)} -> 0 | X16: 0 | Y16: 0 | Z16: 0 | AA16: 0
A17: Valute estere forti | B17: stab dollaro $ | C17: media | P17: 0.14 | Q17: {=(1-$P17)*TRANSPOSE($F$2:$F$7)} -> 0 | R17: 0 | S17: 0 | T17: 0 | U17: 0 | V17: 0 | W17: {=$P17*TRANSPOSE($F$8:$F$12)} -> 0 | X17: 0 | Y17: 0 | Z17: 0 | AA17: 0
P18: 0.15 | Q18: {=(1-$P18)*TRANSPOSE($F$2:$F$7)} -> 0 | R18: 0 | S18: 0 | T18: 0 | U18: 0 | V18: 0 | W18: {=$P18*TRANSPOSE($F$8:$F$12)} -> 0 | X18: 0 | Y18: 0 | Z18: 0 | AA18: 0
A19: Spread bond basso rating | B19: riduzione spread spread | C19: alta | P19: 0.16 | Q19: {=(1-$P19)*TRANSPOSE($F$2:$F$7)} -> 0 | R19: 0 | S19: 0 | T19: 0 | U19: 0 | V19: 0 | W19: {=$P19*TRANSPOSE($F$8:$F$12)} -> 0 | X19: 0 | Y19: 0 | Z19: 0 | AA19: 0
P20: 0.17 | Q20: {=(1-$P20)*TRANSPOSE($F$2:$F$7)} -> 0 | R20: 0 | S20: 0 | T20: 0 | U20: 0 | V20: 0 | W20: {=$P20*TRANSPOSE($F$8:$F$12)} -> 0 | X20: 0 | Y20: 0 | Z20: 0 | AA20: 0
A21: Az Europa | B21: - | C21: media | P21: 0.18 | Q21: {=(1-$P21)*TRANSPOSE($F$2:$F$7)} -> 0 | R21: 0 | S21: 0 | T21: 0 | U21: 0 | V21: 0 | W21: {=$P21*TRANSPOSE($F$8:$F$12)} -> 0 | X21: 0 | Y21: 0 | Z21: 0 | AA21: 0
A22: Az Nord America | B22: - | C22: media | P22: 0.19 | Q22: {=(1-$P22)*TRANSPOSE($F$2:$F$7)} -> 0 | R22: 0 | S22: 0 | T22: 0 | U22: 0 | V22: 0 | W22: {=$P22*TRANSPOSE($F$8:$F$12)} -> 0 | X22: 0 | Y22: 0 | Z22: 0 | AA22: 0
A23: Az Pacifico | B23: + | C23: media | P23: 0.2 | Q23: {=(1-$P23)*TRANSPOSE($F$2:$F$7)} -> 0 | R23: 0 | S23: 0 | T23: 0 | U23: 0 | V23: 0 | W23: {=$P23*TRANSPOSE($F$8:$F$12)} -> 0 | X23: 0 | Y23: 0 | Z23: 0 | AA23: 0
A24: Az Emerg. Markets | B24: + | C24: media | P24: 0.21 | Q24: {=(1-$P24)*TRANSPOSE($F$2:$F$7)} -> 0 | R24: 0 | S24: 0 | T24: 0 | U24: 0 | V24: 0 | W24: {=$P24*TRANSPOSE($F$8:$F$12)} -> 0 | X24: 0 | Y24: 0 | Z24: 0 | AA24: 0
P25: 0.22 | Q25: {=(1-$P25)*TRANSPOSE($F$2:$F$7)} -> 0 | R25: 0 | S25: 0 | T25: 0 | U25: 0 | V25: 0 | W25: {=$P25*TRANSPOSE($F$8:$F$12)} -> 0 | X25: 0 | Y25: 0 | Z25: 0 | AA25: 0
A26: Opportunities | B26: ++ | C26: alta | P26: 0.23 | Q26: {=(1-$P26)*TRANSPOSE($F$2:$F$7)} -> 0 | R26: 0 | S26: 0 | T26: 0 | U26: 0 | V26: 0 | W26: {=$P26*TRANSPOSE($F$8:$F$12)} -> 0 | X26: 0 | Y26: 0 | Z26: 0 | AA26: 0
P27: 0.24 | Q27: {=(1-$P27)*TRANSPOSE($F$2:$F$7)} -> 0 | R27: 0 | S27: 0 | T27: 0 | U27: 0 | V27: 0 | W27: {=$P27*TRANSPOSE($F$8:$F$12)} -> 0 | X27: 0 | Y27: 0 | Z27: 0 | AA27: 0
P28: 0.25 | Q28: {=(1-$P28)*TRANSPOSE($F$2:$F$7)} -> 0 | R28: 0 | S28: 0 | T28: 0 | U28: 0 | V28: 0 | W28: {=$P28*TRANSPOSE($F$8:$F$12)} -> 0 | X28: 0 | Y28: 0 | Z28: 0 | AA28: 0
P29: 0.26 | Q29: {=(1-$P29)*TRANSPOSE($F$2:$F$7)} -> 0 | R29: 0 | S29: 0 | T29: 0 | U29: 0 | V29: 0 | W29: {=$P29*TRANSPOSE($F$8:$F$12)} -> 0 | X29: 0 | Y29: 0 | Z29: 0 | AA29: 0
P30: 0.27 | Q30: {=(1-$P30)*TRANSPOSE($F$2:$F$7)} -> 0 | R30: 0 | S30: 0 | T30: 0 | U30: 0 | V30: 0 | W30: {=$P30*TRANSPOSE($F$8:$F$12)} -> 0 | X30: 0 | Y30: 0 | Z30: 0 | AA30: 0
P31: 0.28 | Q31: {=(1-$P31)*TRANSPOSE($F$2:$F$7)} -> 0 | R31: 0 | S31: 0 | T31: 0 | U31: 0 | V31: 0 | W31: {=$P31*TRANSPOSE($F$8:$F$12)} -> 0 | X31: 0 | Y31: 0 | Z31: 0 | AA31: 0
P32: 0.29 | Q32: {=(1-$P32)*TRANSPOSE($F$2:$F$7)} -> 0 | R32: 0 | S32: 0 | T32: 0 | U32: 0 | V32: 0 | W32: {=$P32*TRANSPOSE($F$8:$F$12)} -> 0 | X32: 0 | Y32: 0 | Z32: 0 | AA32: 0
P33: 0.3 | Q33: {=(1-$P33)*TRANSPOSE($F$2:$F$7)} -> 0 | R33: 0 | S33: 0 | T33: 0 | U33: 0 | V33: 0 | W33: {=$P33*TRANSPOSE($F$8:$F$12)} -> 0 | X33: 0 | Y33: 0 | Z33: 0 | AA33: 0
P34: 0.31 | Q34: {=(1-$P34)*TRANSPOSE($F$2:$F$7)} -> 0 | R34: 0 | S34: 0 | T34: 0 | U34: 0 | V34: 0 | W34: {=$P34*TRANSPOSE($F$8:$F$12)} -> 0 | X34: 0 | Y34: 0 | Z34: 0 | AA34: 0
P35: 0.32 | Q35: {=(1-$P35)*TRANSPOSE($F$2:$F$7)} -> 0 | R35: 0 | S35: 0 | T35: 0 | U35: 0 | V35: 0 | W35: {=$P35*TRANSPOSE($F$8:$F$12)} -> 0 | X35: 0 | Y35: 0 | Z35: 0 | AA35: 0
P36: 0.33 | Q36: {=(1-$P36)*TRANSPOSE($F$2:$F$7)} -> 0 | R36: 0 | S36: 0 | T36: 0 | U36: 0 | V36: 0 | W36: {=$P36*TRANSPOSE($F$8:$F$12)} -> 0 | X36: 0 | Y36: 0 | Z36: 0 | AA36: 0
P37: 0.34 | Q37: {=(1-$P37)*TRANSPOSE($F$2:$F$7)} -> 0 | R37: 0 | S37: 0 | T37: 0 | U37: 0 | V37: 0 | W37: {=$P37*TRANSPOSE($F$8:$F$12)} -> 0 | X37: 0 | Y37: 0 | Z37: 0 | AA37: 0
P38: 0.35 | Q38: {=(1-$P38)*TRANSPOSE($F$2:$F$7)} -> 0 | R38: 0 | S38: 0 | T38: 0 | U38: 0 | V38: 0 | W38: {=$P38*TRANSPOSE($F$8:$F$12)} -> 0 | X38: 0 | Y38: 0 | Z38: 0 | AA38: 0
... P103: 1 | Q103: {=(1-$P103)*TRANSPOSE($F$2:$F$7)} -> 0 | R103: 0 | S103: 0 | T103: 0 | U103: 0 | V103: 0 | W103: {=$P103*TRANSPOSE($F$8:$F$12)} -> 0 | X103: 0 | Y103: 0 | Z103: 0 | AA103: 0

Sheet ES. di Metaport.
A1: ASSET CLASSES | B1: Metaportfolio (Banca Media del Centro Italia)
A2: Money Market Area € | B2: 0.00026421701
A3: Bond Area € Short Term | B3: 0.01963632
A4: Bond Area € All Maturities | B4: 0.32344321
A5: Bond € Corporate | B5: 0.054352288
A6: Bond Global | B6: 0.076320393
A7: Bond Global HY | B7: 0.0073157946
A8: Bond Emerging Mkts | B8: 0.054226423
A9: Equity Europe | B9: 0.065554189
A10: Equity North America | B10: 0.057108941
A11: Equity Pacific | B11: 0.01446757
A12: Equity Emerging Markets | B12: 0.034012546
A13: Opportunities | B13: 0.018786135
... A15: Flexible Funds medium-high risk | B15: 0.059522439
B16: 1

Sheet Mark opt
A1: Asset Class | B1: E(r) | C1: s | D1: Pesi | G1: cov | H1: Bofa ML Euro 0-1 anni | I1: Bofa ML Bond Euro 1-3 Y | J1: Bofa ML Obbl. Euro | K1: Bofa ML Obbl. Globale | L1: ML Global HY | M1: Bofa ML Obbl Emergente | N1: MSCI Europe | O1: MSCI North America | P1: MSCI Pacific | Q1: MSCI Emerging Markets | R1: Opportunities
A2: Bofa ML Euro 0-1 anni | B2: 0.02 | C2: 0.0086802842 | G2: =A2 -> Bofa ML Euro 0-1 anni | H2: =$C2^2 -> 7.5347334e-05 | I2: 8.4124644e-05 | J2: 8.3378228e-05 | K2: 7.1342985e-05 | L2: -0.00017397431 | M2: -6.1542754e-05 | N2: -0.00033207095 | O2: -0.00039257831 | P2: -0.00034189094 | Q2: -0.00033686116 | R2: -0.00026083404
A3: Bofa ML Bond Euro 1-3 Y | B3: 0.029 | C3: 0.016887831 | G3: =A3 -> Bofa ML Bond Euro 1-3 Y | H3: 8.4124644e-05 | I3: =$C3^2 -> 0.00028519884 | J3: 0.00052850669 | K3: 0.000301066 | L3: -1.9639822e-06 | M3: 7.8226156e-05 | N3: -0.00044277805 | O3: -0.00057545911 | P3: -0.0002638948 | Q3: -0.00051360836 | R3: -0.00054852013
A4: Bofa ML Obbl. Euro | B4: 0.03255 | C4: 0.04168791 | G4: =A4 -> Bofa ML Obbl. Euro | H4: 8.3378228e-05 | I4: 0.00052850669 | J4: =$C4^2 -> 0.0017378818 | K4: 0.0012112773 | L4: 0.00043922155 | M4: 0.00082645978 | N4: -0.00036330969 | O4: -0.00033697727 | P4: -0.00023877628 | Q4: -0.0004320099 | R4: -0.00066831916
A5: Bofa ML Obbl. Globale | B5: 0.030122243 | C5: 0.069174632 | G5: =A5 -> Bofa ML Obbl. Globale | H5: 7.1342985e-05 | I5: 0.000301066 | J5: 0.0012112773 | K5: =$C5^2 -> 0.0047851297 | L5: 0.0023664839 | M5: 0.0025755328 | N5: -0.0023069931 | O5: 0.0008906135 | P5: 0.00028093602 | Q5: -0.0019456008 | R5: -0.00055598841
A6: ML Global HY | B6: 0.073 | C6: 0.11065841 | G6: =A6 -> ML Global HY | H6: -0.00017397431 | I6: -1.9639822e-06 | J6: 0.00043922155 | K6: 0.0023664839 | L6: =$C6^2 -> 0.012245283 | M6: 0.00983592 | N6: 0.010775571 | O6: 0.012850416 | P6: 0.010944858 | Q6: 0.01493782 | R6: 0.011378505
A7: Bofa ML Obbl Emergente | B7: 0.06 | C7: 0.12718802 | G7: =A7 -> Bofa ML Obbl Emergente | H7: -6.1542754e-05 | I7: 7.8226156e-05 | J7: 0.00082645978 | K7: 0.0025755328 | L7: 0.00983592 | M7: =$C7^2 -> 0.016176792 | N7: 0.010983252 | O7: 0.013100393 | P7: 0.012511455 | Q7: 0.019179196 | R7: 0.011104224
A8: MSCI Europe | B8: 0.065 | C8: 0.17527257 | G8: =A8 -> MSCI Europe | H8: -0.00033207095 | I8: -0.00044277805 | J8: -0.00036330969 | K8: -0.0023069931 | L8: 0.010775571 | M8: 0.010983252 | N8: =$C8^2 -> 0.030720472 | O8: 0.024597742 | P8: 0.022749367 | Q8: 0.030464166 | R8: 0.022943713
A9: MSCI North America | B9: 0.075 | C9: 0.178 | G9: =A9 -> MSCI North America | H9: -0.00039257831 | I9: -0.00057545911 | J9: -0.00033697727 | K9: 0.0008906135 | L9: 0.012850416 | M9: 0.013100393 | N9: 0.024597742 | O9: =$C9^2 -> 0.031684 | P9: 0.022144246 | Q9: 0.028532455 | R9: 0.023753384
A10: MSCI Pacific | B10: 0.068068267 | C10: 0.18555431 | G10: =A10 -> MSCI Pacific | H10: -0.00034189094 | I10: -0.0002638948 | J10: -0.00023877628 | K10: 0.00028093602 | L10: 0.010944858 | M10: 0.012511455 | N10: 0.022749367 | O10: 0.022144246 | P10: =$C10^2 -> 0.034430403 | Q10: 0.034107686 | R10: 0.02169613
A11: MSCI Emerging Markets | B11: 0.083775786 | C11: 0.23692683 | G11: =A11 -> MSCI Emerging Markets | H11: -0.00033686116 | I11: -0.00051360836 | J11: -0.0004320099 | K11: -0.0019456008 | L11: 0.01493782 | M11: 0.019179196 | N11: 0.030464166 | O11: 0.028532455 | P11: 0.034107686 | Q11: =$C11^2 -> 0.056134322 | R11: 0.028302038
A12: Opportunities | B12: 0.068743756 | C12: 0.15358287 | G12: =A12 -> Opportunities | H12: -0.00026083404 | I12: -0.00054852013 | J12: -0.00066831916 | K12: -0.00055598841 | L12: 0.011378505 | M12: 0.011104224 | N12: 0.022943713 | O12: 0.023753384 | P12: 0.02169613 | Q12: 0.028302038 | R12: =$C12^2 -> 0.023587697
A13: PORTAFOGLIO
G14: corr | H14: 1 | I14: 0.5738725 | J14: 0.23041386 | K14: 0.11881478 | L14: -0.18112014 | M14: -0.055743828 | N14: -0.21826445 | O14: -0.26406301 | P14: -0.21226705 | Q14: -0.1637958 | R14: -0.19565347
H15: 0.5738725 | I15: 1 | J15: 0.75070012 | K15: 0.25771576 | L15: -0.0010509432 | M15: 0.036419327 | N15: -0.14958852 | O15: -0.19895543 | P15: -0.08421431 | Q15: -0.12836421 | R15: -0.21148322
A16: Rendimento Target (R*) | H16: 0.23041386 | I16: 0.75070012 | J16: 1 | K16: 0.4200361 | L16: 0.095211435 | M16: 0.15587103 | N16: -0.049722496 | O16: -0.047196055 | P16: -0.030868108 | Q16: -0.04373905 | R16: -0.1043833
H17: 0.11881478 | I17: 0.25771576 | J17: 0.4200361 | K17: 1 | L17: 0.30915216 | M17: 0.29273459 | N17: -0.19027665 | O17: 0.075172263 | P17: 0.021887165 | Q17: -0.11871146 | R17: -0.052333058
H18: -0.18112014 | I18: -0.0010509432 | J18: 0.095211435 | K18: 0.30915216 | L18: 1 | M18: 0.69885067 | N18: 0.55557404 | O18: 0.67802855 | P18: 0.53303368 | Q18: 0.56975555 | R18: 0.66951145
H19: -0.055743828 | I19: 0.036419327 | J19: 0.15587103 | K19: 0.29273459 | L19: 0.69885067 | M19: 1 | N19: 0.49268665 | O19: 0.60138604 | P19: 0.53014001 | Q19: 0.6364583 | R19: 0.56845913
H20: -0.21826445 | I20: -0.14958852 | J20: -0.049722496 | K20: -0.19027665 | L20: 0.55557404 | M20: 0.49268665 | N20: 1 | O20: 0.81940102 | P20: 0.69949453 | Q20: 0.73360301 | R20: 0.85232846
H21: -0.26406301 | I21: -0.19895543 | J21: -0.047196055 | K21: 0.075172263 | L21: 0.67802855 | M21: 0.60138604 | N21: 0.81940102 | O21: 1 | P21: 0.69679505 | Q21: 0.70313726 | R21: 0.90302117
H22: -0.21226705 | I22: -0.08421431 | J22: -0.030868108 | K22: 0.021887165 | L22: 0.53303368 | M22: 0.53014001 | N22: 0.69949453 | O22: 0.69679505 | P22: 1 | Q22: 0.77583071 | R22: 0.76132213
H23: -0.1637958 | I23: -0.12836421 | J23: -0.04373905 | K23: -0.11871146 | L23: 0.56975555 | M23: 0.6364583 | N23: 0.73360301 | O23: 0.70313726 | P23: 0.77583071 | Q23: 1 | R23: 0.77778704
H24: -0.19565347 | I24: -0.21148322 | J24: -0.1043833 | K24: -0.052333058 | L24: 0.66951145 | M24: 0.56845913 | N24: 0.85232846 | O24: 0.90302117 | P24: 0.76132213 | Q24: 0.77778704 | R24: 1

Sheet Mark abs
A1: Asset Class | B1: E(r) | C1: s | D1: Weights | G1: COV | H1: {=TRANSPOSE(G2:G12)} -> Bofa ML Euro 0-1 anni | I1: Bofa ML Bond Euro 1-3 Y | J1: Bofa ML Obbl. Euro | K1: Bofa ML Obbl. Globale | L1: ML Global HY | M1: Bofa ML Obbl Emergente | N1: MSCI Europe | O1: MSCI North America | P1: MSCI Pacific | Q1: MSCI Emerging Markets | R1: Opportunities | U1: Asset Class | V1: Lower Bounds | W1: Upper Bounds
A2: ='Mark opt'!A2 -> Bofa ML Euro 0-1 anni | B2: ='Mark opt'!B2 -> 0.02 | C2: ='Mark opt'!C2 -> 0.0086802842 | D2: =1/11 -> 0.090909091 | G2: =A2 -> Bofa ML Euro 0-1 anni | H2: ='Mark opt'!H2 -> 7.5347334e-05 | I2: ='Mark opt'!I2 -> 8.4124644e-05 | J2: ='Mark opt'!J2 -> 8.3378228e-05 | K2: ='Mark opt'!K2 -> 7.1342985e-05 | L2: ='Mark opt'!L2 -> -0.00017397431 | M2: ='Mark opt'!M2 -> -6.1542754e-05 | N2: ='Mark opt'!N2 -> -0.00033207095 | O2: ='Mark opt'!O2 -> -0.00039257831 | ... R2: ='Mark opt'!R2 -> -0.00026083404 | U2: Money Mkt euro | V2: 0 | W2: 1
A3: ='Mark opt'!A3 -> Bofa ML Bond Euro 1-3 Y | B3: ='Mark opt'!B3 -> 0.029 | C3: ='Mark opt'!C3 -> 0.016887831 | D3: =1/11 -> 0.090909091 | G3: =A3 -> Bofa ML Bond Euro 1-3 Y | H3: ='Mark opt'!H3 -> 8.4124644e-05 | I3: ='Mark opt'!I3 -> 0.00028519884 | J3: ='Mark opt'!J3 -> 0.00052850669 | K3: ='Mark opt'!K3 -> 0.000301066 | L3: ='Mark opt'!L3 -> -1.9639822e-06 | M3: ='Mark opt'!M3 -> 7.8226156e-05 | N3: ='Mark opt'!N3 -> -0.00044277805 | O3: ='Mark opt'!O3 -> -0.00057545911 | ... R3: ='Mark opt'!R3 -> -0.00054852013 | U3: Bond € Short Term | V3: 0 | W3: 1
A4: ='Mark opt'!A4 -> Bofa ML Obbl. Euro | B4: ='Mark opt'!B4 -> 0.03255 | C4: ='Mark opt'!C4 -> 0.04168791 | D4: =1/11 -> 0.090909091 | G4: =A4 -> Bofa ML Obbl. Euro | H4: ='Mark opt'!H4 -> 8.3378228e-05 | I4: ='Mark opt'!I4 -> 0.00052850669 | J4: ='Mark opt'!J4 -> 0.0017378818 | K4: ='Mark opt'!K4 -> 0.0012112773 | L4: ='Mark opt'!L4 -> 0.00043922155 | M4: ='Mark opt'!M4 -> 0.00082645978 | N4: ='Mark opt'!N4 -> -0.00036330969 | O4: ='Mark opt'!O4 -> -0.00033697727 | ... R4: ='Mark opt'!R4 -> -0.00066831916 | U4: Bond € MLT | V4: 0 | W4: 1
A5: ='Mark opt'!A5 -> Bofa ML Obbl. Globale | B5: ='Mark opt'!B5 -> 0.030122243 | C5: ='Mark opt'!C5 -> 0.069174632 | D5: =1/11 -> 0.090909091 | G5: =A5 -> Bofa ML Obbl. Globale | H5: ='Mark opt'!H5 -> 7.1342985e-05 | I5: ='Mark opt'!I5 -> 0.000301066 | J5: ='Mark opt'!J5 -> 0.0012112773 | K5: ='Mark opt'!K5 -> 0.0047851297 | L5: ='Mark opt'!L5 -> 0.0023664839 | M5: ='Mark opt'!M5 -> 0.0025755328 | N5: ='Mark opt'!N5 -> -0.0023069931 | O5: ='Mark opt'!O5 -> 0.0008906135 | ... R5: ='Mark opt'!R5 -> -0.00055598841 | U5: Global Bond Dev Mkts | V5: 0 | W5: 1
A6: ='Mark opt'!A6 -> ML Global HY | B6: ='Mark opt'!B6 -> 0.073 | C6: ='Mark opt'!C6 -> 0.11065841 | D6: =1/11 -> 0.090909091 | G6: =A6 -> ML Global HY | H6: ='Mark opt'!H6 -> -0.00017397431 | I6: ='Mark opt'!I6 -> -1.9639822e-06 | J6: ='Mark opt'!J6 -> 0.00043922155 | K6: ='Mark opt'!K6 -> 0.0023664839 | L6: ='Mark opt'!L6 -> 0.012245283 | M6: ='Mark opt'!M6 -> 0.00983592 | N6: ='Mark opt'!N6 -> 0.010775571 | O6: ='Mark opt'!O6 -> 0.012850416 | ... R6: ='Mark opt'!R6 -> 0.011378505 | U6: Bond Corp. High Yield | V6: 0 | W6: 1
A7: ='Mark opt'!A7 -> Bofa ML Obbl Emergente | B7: ='Mark opt'!B7 -> 0.06 | C7: ='Mark opt'!C7 -> 0.12718802 | D7: =1/11 -> 0.090909091 | G7: =A7 -> Bofa ML Obbl Emergente | H7: ='Mark opt'!H7 -> -6.1542754e-05 | I7: ='Mark opt'!I7 -> 7.8226156e-05 | J7: ='Mark opt'!J7 -> 0.00082645978 | K7: ='Mark opt'!K7 -> 0.0025755328 | L7: ='Mark opt'!L7 -> 0.00983592 | M7: ='Mark opt'!M7 -> 0.016176792 | N7: ='Mark opt'!N7 -> 0.010983252 | O7: ='Mark opt'!O7 -> 0.013100393 | ... R7: ='Mark opt'!R7 -> 0.011104224 | U7: Bond Emerg. Markets | V7: 0 | W7: 1
A8: ='Mark opt'!A8 -> MSCI Europe | B8: ='Mark opt'!B8 -> 0.065 | C8: ='Mark opt'!C8 -> 0.17527257 | D8: =1/11 -> 0.090909091 | G8: =A8 -> MSCI Europe | H8: ='Mark opt'!H8 -> -0.00033207095 | I8: ='Mark opt'!I8 -> -0.00044277805 | J8: ='Mark opt'!J8 -> -0.00036330969 | K8: ='Mark opt'!K8 -> -0.0023069931 | L8: ='Mark opt'!L8 -> 0.010775571 | M8: ='Mark opt'!M8 -> 0.010983252 | N8: ='Mark opt'!N8 -> 0.030720472 | O8: ='Mark opt'!O8 -> 0.024597742 | ... R8: ='Mark opt'!R8 -> 0.022943713 | U8: Equ Europe | V8: 0 | W8: 1
A9: ='Mark opt'!A9 -> MSCI North America | B9: ='Mark opt'!B9 -> 0.075 | C9: ='Mark opt'!C9 -> 0.178 | D9: =1/11 -> 0.090909091 | G9: =A9 -> MSCI North America | H9: ='Mark opt'!H9 -> -0.00039257831 | I9: ='Mark opt'!I9 -> -0.00057545911 | J9: ='Mark opt'!J9 -> -0.00033697727 | K9: ='Mark opt'!K9 -> 0.0008906135 | L9: ='Mark opt'!L9 -> 0.012850416 | M9: ='Mark opt'!M9 -> 0.013100393 | N9: ='Mark opt'!N9 -> 0.024597742 | O9: ='Mark opt'!O9 -> 0.031684 | ... R9: ='Mark opt'!R9 -> 0.023753384 | U9: Equ North America | V9: 0 | W9: 1
A10: ='Mark opt'!A10 -> MSCI Pacific | B10: ='Mark opt'!B10 -> 0.068068267 | C10: ='Mark opt'!C10 -> 0.18555431 | D10: =1/11 -> 0.090909091 | G10: =A10 -> MSCI Pacific | H10: ='Mark opt'!H10 -> -0.00034189094 | I10: ='Mark opt'!I10 -> -0.0002638948 | J10: ='Mark opt'!J10 -> -0.00023877628 | K10: ='Mark opt'!K10 -> 0.00028093602 | L10: ='Mark opt'!L10 -> 0.010944858 | M10: ='Mark opt'!M10 -> 0.012511455 | N10: ='Mark opt'!N10 -> 0.022749367 | O10: ='Mark opt'!O10 -> 0.022144246 | ... R10: ='Mark opt'!R10 -> 0.02169613 | U10: Equ Pacific | V10: 0 | W10: 1
A11: ='Mark opt'!A11 -> MSCI Emerging Markets | B11: ='Mark opt'!B11 -> 0.083775786 | C11: ='Mark opt'!C11 -> 0.23692683 | D11: =1/11 -> 0.090909091 | G11: =A11 -> MSCI Emerging Markets | H11: ='Mark opt'!H11 -> -0.00033686116 | I11: ='Mark opt'!I11 -> -0.00051360836 | J11: ='Mark opt'!J11 -> -0.0004320099 | K11: ='Mark opt'!K11 -> -0.0019456008 | L11: ='Mark opt'!L11 -> 0.01493782 | M11: ='Mark opt'!M11 -> 0.019179196 | N11: ='Mark opt'!N11 -> 0.030464166 | O11: ='Mark opt'!O11 -> 0.028532455 | ... R11: ='Mark opt'!R11 -> 0.028302038 | U11: Equ Emerg. Markets | V11: 0 | W11: 1
A12: ='Mark opt'!A12 -> Opportunities | B12: ='Mark opt'!B12 -> 0.068743756 | C12: ='Mark opt'!C12 -> 0.15358287 | D12: =1/11 -> 0.090909091 | G12: =A12 -> Opportunities | H12: ='Mark opt'!H12 -> -0.00026083404 | I12: ='Mark opt'!I12 -> -0.00054852013 | J12: ='Mark opt'!J12 -> -0.00066831916 | K12: ='Mark opt'!K12 -> -0.00055598841 | L12: ='Mark opt'!L12 -> 0.011378505 | M12: ='Mark opt'!M12 -> 0.011104224 | N12: ='Mark opt'!N12 -> 0.022943713 | O12: ='Mark opt'!O12 -> 0.023753384 | ... R12: ='Mark opt'!R12 -> 0.023587697 | U12: Opportunities | V12: 0 | W12: 1
A13: Portafoglio | B13: {=MMULT(TRANSPOSE(D2:D12),B2:B12)} -> 0.055023641 | C13: {=SQRT(MMULT(MMULT(TRANSPOSE(D2:D12),H2:R12),D2:D12))} -> 0.091042359 | D13: =SUM(D2:D12) -> 1
A16: Rendimento Target (R*)
H27: Weights
A28: s | B28: E(r) | H28: =H14 -> 0 | I28: =I14 -> 0 | J28: =J14 -> 0 | K28: =K14 -> 0 | L28: =L14 -> 0 | M28: =M14 -> 0 | N28: =N14 -> 0 | O28: =O14 -> 0 | ... R28: =R14 -> 0
B29: 0.0017989001
B30: 0.005
B31: 0.01
B32: 0.015
B33: 0.02
B34: 0.025
B35: 0.03
B36: 0.035
B37: 0.04
B38: 0.05
B39: 0.06
B40: 0.07
B41: 0.080096941

Sheet Mark infra optim
A1: ASSET CLASSES | B1: E(r) | C1: s | D1: Pesi | G1: cov | H1: Bofa ML Euro 0-1 anni | I1: Bofa ML Bond Euro 1-3 Y | J1: Bofa ML Obbl. Euro | K1: Bofa ML Obbl. Globale | L1: ML Global HY | M1: Bofa ML Obbl Emergente | N1: MSCI Europe | O1: MSCI North America | P1: MSCI Pacific | Q1: MSCI Emerging Markets | R1: Opportunities | T1: Asset Class | U1: min | V1: MKT NEUTR | W1: MAX
A2: ='Mark opt'!A2 -> Bofa ML Euro 0-1 anni | B2: ='Mark opt'!B2 -> 0.02 | C2: ='Mark opt'!C2 -> 0.0086802842 | D2: =1/11 -> 0.090909091 | G2: =A2 -> Bofa ML Euro 0-1 anni | H2: ='Mark opt'!H2 -> 7.5347334e-05 | I2: ='Mark opt'!I2 -> 8.4124644e-05 | J2: ='Mark opt'!J2 -> 8.3378228e-05 | K2: ='Mark opt'!K2 -> 7.1342985e-05 | L2: ='Mark opt'!L2 -> -0.00017397431 | M2: ='Mark opt'!M2 -> -6.1542754e-05 | N2: ='Mark opt'!N2 -> -0.00033207095 | O2: ='Mark opt'!O2 -> -0.00039257831 | ... R2: ='Mark opt'!R2 -> -0.00026083404 | T2: =A2 -> Bofa ML Euro 0-1 anni
A3: ='Mark opt'!A3 -> Bofa ML Bond Euro 1-3 Y | B3: ='Mark opt'!B3 -> 0.029 | C3: ='Mark opt'!C3 -> 0.016887831 | D3: =1/11 -> 0.090909091 | G3: =A3 -> Bofa ML Bond Euro 1-3 Y | H3: ='Mark opt'!H3 -> 8.4124644e-05 | I3: ='Mark opt'!I3 -> 0.00028519884 | J3: ='Mark opt'!J3 -> 0.00052850669 | K3: ='Mark opt'!K3 -> 0.000301066 | L3: ='Mark opt'!L3 -> -1.9639822e-06 | M3: ='Mark opt'!M3 -> 7.8226156e-05 | N3: ='Mark opt'!N3 -> -0.00044277805 | O3: ='Mark opt'!O3 -> -0.00057545911 | ... R3: ='Mark opt'!R3 -> -0.00054852013 | T3: =A3 -> Bofa ML Bond Euro 1-3 Y
A4: ='Mark opt'!A4 -> Bofa ML Obbl. Euro | B4: ='Mark opt'!B4 -> 0.03255 | C4: ='Mark opt'!C4 -> 0.04168791 | D4: =1/11 -> 0.090909091 | G4: =A4 -> Bofa ML Obbl. Euro | H4: ='Mark opt'!H4 -> 8.3378228e-05 | I4: ='Mark opt'!I4 -> 0.00052850669 | J4: ='Mark opt'!J4 -> 0.0017378818 | K4: ='Mark opt'!K4 -> 0.0012112773 | L4: ='Mark opt'!L4 -> 0.00043922155 | M4: ='Mark opt'!M4 -> 0.00082645978 | N4: ='Mark opt'!N4 -> -0.00036330969 | O4: ='Mark opt'!O4 -> -0.00033697727 | ... R4: ='Mark opt'!R4 -> -0.00066831916 | T4: =A4 -> Bofa ML Obbl. Euro
A5: ='Mark opt'!A5 -> Bofa ML Obbl. Globale | B5: ='Mark opt'!B5 -> 0.030122243 | C5: ='Mark opt'!C5 -> 0.069174632 | D5: =1/11 -> 0.090909091 | G5: =A5 -> Bofa ML Obbl. Globale | H5: ='Mark opt'!H5 -> 7.1342985e-05 | I5: ='Mark opt'!I5 -> 0.000301066 | J5: ='Mark opt'!J5 -> 0.0012112773 | K5: ='Mark opt'!K5 -> 0.0047851297 | L5: ='Mark opt'!L5 -> 0.0023664839 | M5: ='Mark opt'!M5 -> 0.0025755328 | N5: ='Mark opt'!N5 -> -0.0023069931 | O5: ='Mark opt'!O5 -> 0.0008906135 | ... R5: ='Mark opt'!R5 -> -0.00055598841 | T5: =A5 -> Bofa ML Obbl. Globale
A6: ='Mark opt'!A6 -> ML Global HY | B6: ='Mark opt'!B6 -> 0.073 | C6: ='Mark opt'!C6 -> 0.11065841 | D6: =1/11 -> 0.090909091 | G6: =A6 -> ML Global HY | H6: ='Mark opt'!H6 -> -0.00017397431 | I6: ='Mark opt'!I6 -> -1.9639822e-06 | J6: ='Mark opt'!J6 -> 0.00043922155 | K6: ='Mark opt'!K6 -> 0.0023664839 | L6: ='Mark opt'!L6 -> 0.012245283 | M6: ='Mark opt'!M6 -> 0.00983592 | N6: ='Mark opt'!N6 -> 0.010775571 | O6: ='Mark opt'!O6 -> 0.012850416 | ... R6: ='Mark opt'!R6 -> 0.011378505 | T6: =A6 -> ML Global HY
A7: ='Mark opt'!A7 -> Bofa ML Obbl Emergente | B7: ='Mark opt'!B7 -> 0.06 | C7: ='Mark opt'!C7 -> 0.12718802 | D7: =1/11 -> 0.090909091 | G7: =A7 -> Bofa ML Obbl Emergente | H7: ='Mark opt'!H7 -> -6.1542754e-05 | I7: ='Mark opt'!I7 -> 7.8226156e-05 | J7: ='Mark opt'!J7 -> 0.00082645978 | K7: ='Mark opt'!K7 -> 0.0025755328 | L7: ='Mark opt'!L7 -> 0.00983592 | M7: ='Mark opt'!M7 -> 0.016176792 | N7: ='Mark opt'!N7 -> 0.010983252 | O7: ='Mark opt'!O7 -> 0.013100393 | ... R7: ='Mark opt'!R7 -> 0.011104224 | T7: =A7 -> Bofa ML Obbl Emergente
A8: ='Mark opt'!A8 -> MSCI Europe | B8: ='Mark opt'!B8 -> 0.065 | C8: ='Mark opt'!C8 -> 0.17527257 | D8: =1/11 -> 0.090909091 | G8: =A8 -> MSCI Europe | H8: ='Mark opt'!H8 -> -0.00033207095 | I8: ='Mark opt'!I8 -> -0.00044277805 | J8: ='Mark opt'!J8 -> -0.00036330969 | K8: ='Mark opt'!K8 -> -0.0023069931 | L8: ='Mark opt'!L8 -> 0.010775571 | M8: ='Mark opt'!M8 -> 0.010983252 | N8: ='Mark opt'!N8 -> 0.030720472 | O8: ='Mark opt'!O8 -> 0.024597742 | ... R8: ='Mark opt'!R8 -> 0.022943713 | T8: =A8 -> MSCI Europe
A9: ='Mark opt'!A9 -> MSCI North America | B9: ='Mark opt'!B9 -> 0.075 | C9: ='Mark opt'!C9 -> 0.178 | D9: =1/11 -> 0.090909091 | G9: =A9 -> MSCI North America | H9: ='Mark opt'!H9 -> -0.00039257831 | I9: ='Mark opt'!I9 -> -0.00057545911 | J9: ='Mark opt'!J9 -> -0.00033697727 | K9: ='Mark opt'!K9 -> 0.0008906135 | L9: ='Mark opt'!L9 -> 0.012850416 | M9: ='Mark opt'!M9 -> 0.013100393 | N9: ='Mark opt'!N9 -> 0.024597742 | O9: ='Mark opt'!O9 -> 0.031684 | ... R9: ='Mark opt'!R9 -> 0.023753384 | T9: =A9 -> MSCI North America
A10: ='Mark opt'!A10 -> MSCI Pacific | B10: ='Mark opt'!B10 -> 0.068068267 | C10: ='Mark opt'!C10 -> 0.18555431 | D10: =1/11 -> 0.090909091 | G10: =A10 -> MSCI Pacific | H10: ='Mark opt'!H10 -> -0.00034189094 | I10: ='Mark opt'!I10 -> -0.0002638948 | J10: ='Mark opt'!J10 -> -0.00023877628 | K10: ='Mark opt'!K10 -> 0.00028093602 | L10: ='Mark opt'!L10 -> 0.010944858 | M10: ='Mark opt'!M10 -> 0.012511455 | N10: ='Mark opt'!N10 -> 0.022749367 | O10: ='Mark opt'!O10 -> 0.022144246 | ... R10: ='Mark opt'!R10 -> 0.02169613 | T10: =A10 -> MSCI Pacific
A11: ='Mark opt'!A11 -> MSCI Emerging Markets | B11: ='Mark opt'!B11 -> 0.083775786 | C11: ='Mark opt'!C11 -> 0.23692683 | D11: =1/11 -> 0.090909091 | G11: =A11 -> MSCI Emerging Markets | H11: ='Mark opt'!H11 -> -0.00033686116 | I11: ='Mark opt'!I11 -> -0.00051360836 | J11: ='Mark opt'!J11 -> -0.0004320099 | K11: ='Mark opt'!K11 -> -0.0019456008 | L11: ='Mark opt'!L11 -> 0.01493782 | M11: ='Mark opt'!M11 -> 0.019179196 | N11: ='Mark opt'!N11 -> 0.030464166 | O11: ='Mark opt'!O11 -> 0.028532455 | ... R11: ='Mark opt'!R11 -> 0.028302038 | T11: =A11 -> MSCI Emerging Markets
A12: ='Mark opt'!A12 -> Opportunities | B12: ='Mark opt'!B12 -> 0.068743756 | C12: ='Mark opt'!C12 -> 0.15358287 | D12: =1/11 -> 0.090909091 | G12: =A12 -> Opportunities | H12: ='Mark opt'!H12 -> -0.00026083404 | I12: ='Mark opt'!I12 -> -0.00054852013 | J12: ='Mark opt'!J12 -> -0.00066831916 | K12: ='Mark opt'!K12 -> -0.00055598841 | L12: ='Mark opt'!L12 -> 0.011378505 | M12: ='Mark opt'!M12 -> 0.011104224 | N12: ='Mark opt'!N12 -> 0.022943713 | O12: ='Mark opt'!O12 -> 0.023753384 | ... R12: ='Mark opt'!R12 -> 0.023587697 | T12: =A12 -> Opportunities
A13: PORTFOLIO | B13: {=MMULT(TRANSPOSE(D2:D12),B2:B12)} -> 0.055023641 | C13: {=SQRT(MMULT(MMULT(TRANSPOSE(D2:D12),H2:R12),D2:D12))} -> 0.091042359 | D13: =SUM(D2:D12) -> 1
A16: Rendimento Target (R*)

Sheet MC Sim
A1: Azionario Europa | B1: Aspettativa | C1: Simulazione | E1: rand numb | F1: simul returns | L1: Rand
A2: Rendimento Atteso | B2: ='Mark opt'!B7 -> 0.06 | L2: =RAND() -> 0.85046949 | M2: =NORMINV(L2,$B$2,$B$3) -> 0.19207828
A3: Deviazione Standard | B3: ='Mark opt'!C7 -> 0.12718802 | L3: =RAND() -> 0.76844706 | M3: =NORMINV(L3,$B$2,$B$3) -> 0.15332321
L4: =RAND() -> 0.61225109 | M4: =NORMINV(L4,$B$2,$B$3) -> 0.096272878
L5: =RAND() -> 0.89566351 | M5: =NORMINV(L5,$B$2,$B$3) -> 0.21990367
L6: =RAND() -> 0.55243455 | M6: =NORMINV(L6,$B$2,$B$3) -> 0.076765245
L7: =RAND() -> 0.62992136 | M7: =NORMINV(L7,$B$2,$B$3) -> 0.10218128
L8: =RAND() -> 0.67989974 | M8: =NORMINV(L8,$B$2,$B$3) -> 0.11945002
L9: =RAND() -> 0.63909146 | M9: =NORMINV(L9,$B$2,$B$3) -> 0.10528292
L10: =RAND() -> 0.14794694 | M10: =NORMINV(L10,$B$2,$B$3) -> -0.072947005
L11: =RAND() -> 0.79937398 | M11: =NORMINV(L11,$B$2,$B$3) -> 0.16676
L12: =RAND() -> 0.89828673 | M12: =NORMINV(L12,$B$2,$B$3) -> 0.22176403
L13: =RAND() -> 0.77079758 | M13: =NORMINV(L13,$B$2,$B$3) -> 0.15430687
L14: =RAND() -> 0.11673603 | M14: =NORMINV(L14,$B$2,$B$3) -> -0.091539753
L15: =RAND() -> 0.51609314 | M15: =NORMINV(L15,$B$2,$B$3) -> 0.065132097
... L504: =RAND() -> 0.39243539 | M504: =NORMINV(L504,$B$2,$B$3) -> 0.025280579
F505: =AVERAGE(F2:F502) -> #DIV/0! | L505: =RAND() -> 0.80108765 | M505: =NORMINV(L505,$B$2,$B$3) -> 0.16753907
F506: =STDEV(F2:F502) -> #DIV/0! | L506: =RAND() -> 0.63891767 | M506: =NORMINV(L506,$B$2,$B$3) -> 0.1052239
L507: =RAND() -> 0.027525459 | M507: =NORMINV(L507,$B$2,$B$3) -> -0.18400692
L508: =RAND() -> 0.51848325 | M508: =NORMINV(L508,$B$2,$B$3) -> 0.06589481
L509: =RAND() -> 0.52838913 | M509: =NORMINV(L509,$B$2,$B$3) -> 0.069058477
L510: =RAND() -> 0.25622767 | M510: =NORMINV(L510,$B$2,$B$3) -> -0.023310605
L511: =RAND() -> 0.76631652 | M511: =NORMINV(L511,$B$2,$B$3) -> 0.15243642
L512: =RAND() -> 0.88292664 | M512: =NORMINV(L512,$B$2,$B$3) -> 0.21132128
L513: =RAND() -> 0.73769923 | M513: =NORMINV(L513,$B$2,$B$3) -> 0.14092571
L514: =RAND() -> 0.22475848 | M514: =NORMINV(L514,$B$2,$B$3) -> -0.036182197
L515: =RAND() -> 0.8371582 | M515: =NORMINV(L515,$B$2,$B$3) -> 0.18500614
L516: =RAND() -> 0.35023504 | M516: =NORMINV(L516,$B$2,$B$3) -> 0.011072553
L517: =RAND() -> 0.34074447 | M517: =NORMINV(L517,$B$2,$B$3) -> 0.0077979428
L518: =RAND() -> 0.37312953 | M518: =NORMINV(L518,$B$2,$B$3) -> 0.01884501
... L1001: =RAND() -> 0.28469495 | M1001: =NORMINV(L1001,$B$2,$B$3) -> -0.012363656

Sheet Sim MC1 n MKT
V1: MODELLO MONTECARLO
V2: DATI DA UNIFORME (0;1) | AA2: Calcolare valore della Norm standardizzata | AF2: calcola norm stand con correlazioni | AK2: Simulazioni finali | AP2: Cholesky | AQ2: MSCI Europe | AR2: MSCI USA | AS2: MSCI Japan | AT2: MSCI EM
A3: From ESTIMATION…… | G3: …. To SIMULATION | V3: MSCI Europe | W3: MSCI USA | X3: MSCI Japan | Y3: MSCI EM | AA3: MSCI Europe | AB3: MSCI USA | AC3: MSCI Japan | AD3: MSCI EM | AF3: MSCI Europe | AG3: MSCI USA | AH3: MSCI Japan | AI3: MSCI EM | AK3: MSCI Europe | AL3: MSCI USA | AM3: MSCI Japan | AN3: MSCI EM | AP3: MSCI Europe | AQ3: 1 | AR3: 0.85 | AS3: 0.6 | AT3: 0.76
B4: MSCI Europe | C4: MSCI USA | D4: MSCI Japan | E4: MSCI EM | H4: MSCI Europe | I4: MSCI USA | J4: MSCI Japan | K4: MSCI EM | V4: =RAND() -> 0.91356266 | W4: =RAND() -> 0.56816837 | X4: =RAND() -> 0.32857729 | Y4: =RAND() -> 0.25989231 | AA4: =NORMSINV(V4) -> 1.3630248 | AB4: =NORMSINV(W4) -> 0.17171288 | AC4: =NORMSINV(X4) -> -0.44384509 | AD4: =NORMSINV(Y4) -> -0.64367744 | AF4: {=MMULT(AA4:AD4,$AQ$3:$AT$6)} -> 1.3630248 | AG4: 1.2490265 | AH4: 0.52853977 | AI4: 0.61588103 | AK4: =B$5+AF4*B$6 -> 0.34260497 | AL4: =C$5+AG4*C$6 -> 0.32229556 | AM4: =D$5+AH4*D$6 -> 0.16550707 | AN4: =E$5+AI4*E$6 -> 0.2586055 | AP4: MSCI USA | AQ4: 0 | AR4: 0.52678269 | AS4: 0.26576424 | AT4: 0.21640802
A5: E(R) | B5: 0.07 | C5: 0.06 | D5: 0.045 | E5: 0.08 | G5: E(R) | H5: =AVERAGE(AK4:AK153) -> 0.081370745 | I5: =AVERAGE(AL4:AL153) -> 0.059876739 | J5: =AVERAGE(AM4:AM153) -> 0.050064227 | K5: =AVERAGE(AN4:AN153) -> 0.095451553 | V5: =RAND() -> 0.40298692 | W5: =RAND() -> 0.53151864 | X5: =RAND() -> 0.88277888 | Y5: =RAND() -> 0.38693361 | AA5: =NORMSINV(V5) -> -0.24562331 | AB5: =NORMSINV(W5) -> 0.079087878 | AC5: =NORMSINV(X5) -> 1.1889935 | AD5: =NORMSINV(Y5) -> -0.28732011 | AF5: {=MMULT(AA5:AD5,$AQ$3:$AT$6)} -> -0.24562331 | AG5: -0.16711769 | AH5: 0.77081841 | AI5: -0.12272791 | AK5: =B$5+AF5*B$6 -> 0.020875337 | AL5: =C$5+AG5*C$6 -> 0.024905285 | AM5: =D$5+AH5*D$6 -> 0.2207466 | AN5: =E$5+AI5*E$6 -> 0.044408906 | AP5: MSCI Japan | AQ5: 0 | AR5: 0 | AS5: 0.75456568 | AT5: 0.18088086
A6: s | B6: 0.2 | C6: 0.21 | D6: 0.228 | E6: 0.29 | G6: s | H6: =STDEVP(AK4:AK153) -> 0.19140689 | I6: =STDEVP(AL4:AL153) -> 0.19909652 | J6: =STDEVP(AM4:AM153) -> 0.21432982 | K6: =STDEVP(AN4:AN153) -> 0.27717797 | V6: =RAND() -> 0.94612548 | W6: =RAND() -> 0.67367427 | X6: =RAND() -> 0.30526033 | Y6: =RAND() -> 0.84710821 | AA6: =NORMSINV(V6) -> 1.6083934 | AB6: =NORMSINV(W6) -> 0.4500818 | AC6: =NORMSINV(X6) -> -0.50933039 | AD6: =NORMSINV(Y6) -> 1.0241095 | AF6: {=MMULT(AA6:AD6,$AQ$3:$AT$6)} -> 1.6083934 | AG6: 1.6042297 | AH6: 0.70032844 | AI6: 1.8273027 | AK6: =B$5+AF6*B$6 -> 0.39167868 | AL6: =C$5+AG6*C$6 -> 0.39688823 | AM6: =D$5+AH6*D$6 -> 0.20467488 | AN6: =E$5+AI6*E$6 -> 0.60991779 | AP6: MSCI EM | AQ6: 0 | AR6: 0 | AS6: 0 | AT6: 0.58553367
V7: =RAND() -> 0.84341074 | W7: =RAND() -> 0.9135865 | X7: =RAND() -> 0.44265575 | Y7: =RAND() -> 0.49219269 | AA7: =NORMSINV(V7) -> 1.008575 | AB7: =NORMSINV(W7) -> 1.3631761 | AC7: =NORMSINV(X7) -> -0.14423932 | AD7: =NORMSINV(Y7) -> -0.01957128 | AF7: {=MMULT(AA7:AD7,$AQ$3:$AT$6)} -> 1.008575 | AG7: 1.5753863 | AH7: 0.85859041 | AI7: 1.0239695 | AK7: =B$5+AF7*B$6 -> 0.27171499 | AL7: =C$5+AG7*C$6 -> 0.39083113 | AM7: =D$5+AH7*D$6 -> 0.24075861 | AN7: =E$5+AI7*E$6 -> 0.37695114
B8: MSCI Europe | C8: MSCI USA | D8: MSCI Japan | E8: MSCI EM | H8: MSCI Europe | I8: MSCI USA | J8: MSCI Japan | K8: MSCI EM | V8: =RAND() -> 0.89232433 | W8: =RAND() -> 0.17745257 | X8: =RAND() -> 0.74735903 | Y8: =RAND() -> 0.40928261 | AA8: =NORMSINV(V8) -> 1.2389842 | AB8: =NORMSINV(W8) -> -0.92511682 | AC8: =NORMSINV(X8) -> 0.66620209 | AD8: =NORMSINV(Y8) -> -0.22939076 | AF8: {=MMULT(AA8:AD8,$AQ$3:$AT$6)} -> 1.2389842 | AG8: 0.56580104 | AH8: 1.0002208 | AI8: 0.72761248 | AK8: =B$5+AF8*B$6 -> 0.31779684 | AL8: =C$5+AG8*C$6 -> 0.17881822 | AM8: =D$5+AH8*D$6 -> 0.27305034 | AN8: =E$5+AI8*E$6 -> 0.29100762
A9: MSCI Europe | B9: 1 | G9: MSCI Europe | H9: 1 | V9: =RAND() -> 0.32021054 | W9: =RAND() -> 0.88956757 | X9: =RAND() -> 0.79717714 | Y9: =RAND() -> 0.37155194 | AA9: =NORMSINV(V9) -> -0.46711013 | AB9: =NORMSINV(W9) -> 1.2242316 | AC9: =NORMSINV(X9) -> 0.83158058 | AD9: =NORMSINV(Y9) -> -0.32774579 | AF9: {=MMULT(AA9:AD9,$AQ$3:$AT$6)} -> -0.46711013 | AG9: 0.24786042 | AH9: 0.67257307 | AI9: -0.13155935 | AK9: =B$5+AF9*B$6 -> -0.023422027 | AL9: =C$5+AG9*C$6 -> 0.11205069 | AM9: =D$5+AH9*D$6 -> 0.19834666 | AN9: =E$5+AI9*E$6 -> 0.04184779
A10: MSCI USA | B10: 0.85 | C10: 1 | G10: MSCI USA | H10: =CORREL(AK4:AK153,AL4:AL153) -> 0.8597557 | I10: 1 | V10: =RAND() -> 0.083982348 | W10: =RAND() -> 0.38486182 | X10: =RAND() -> 0.63214325 | Y10: =RAND() -> 0.2129429 | AA10: =NORMSINV(V10) -> -1.3787732 | AB10: =NORMSINV(W10) -> -0.29273641 | AC10: =NORMSINV(X10) -> 0.33753517 | AD10: =NORMSINV(Y10) -> -0.79625161 | AF10: {=MMULT(AA10:AD10,$AQ$3:$AT$6)} -> -1.3787732 | AG10: -1.3261657 | AH10: -0.65037033 | AI10: -1.5163966 | AK10: =B$5+AF10*B$6 -> -0.20575464 | AL10: =C$5+AG10*C$6 -> -0.21849479 | AM10: =D$5+AH10*D$6 -> -0.10328443 | AN10: =E$5+AI10*E$6 -> -0.35975502
A11: MSCI Japan | B11: 0.6 | C11: 0.65 | D11: 1 | G11: MSCI Japan | H11: =CORREL(AK4:AK153,AM4:AM153) -> 0.54864283 | I11: =CORREL(AL4:AL153,AM4:AM153) -> 0.6222097 | J11: 1 | M11: HIGH CONFIDENCE | V11: =RAND() -> 0.69060287 | W11: =RAND() -> 0.29472 | X11: =RAND() -> 0.43325072 | Y11: =RAND() -> 0.90056674 | AA11: =NORMSINV(V11) -> 0.49755992 | AB11: =NORMSINV(W11) -> -0.53964772 | AC11: =NORMSINV(X11) -> -0.16810402 | AD11: =NORMSINV(Y11) -> 1.2847876 | AF11: {=MMULT(AA11:AD11,$AQ$3:$AT$6)} -> 0.49755992 | AG11: 0.13864886 | AH11: 0.028271359 | AI11: 0.98324105 | AK11: =B$5+AF11*B$6 -> 0.16951198 | AL11: =C$5+AG11*C$6 -> 0.08911626 | AM11: =D$5+AH11*D$6 -> 0.05144587 | AN11: =E$5+AI11*E$6 -> 0.36513991
A12: MSCI EM | B12: 0.76 | C12: 0.76 | D12: 0.65 | E12: 1 | G12: MSCI EM | H12: =CORREL(AK4:AK153,AN4:AN153) -> 0.77165769 | I12: =CORREL(AL4:AL153,AN4:AN153) -> 0.7130869 | J12: =CORREL(AM4:AM153,AN4:AN153) -> 0.58747152 | K12: 1 | V12: =RAND() -> 0.76651542 | W12: =RAND() -> 0.28407694 | X12: =RAND() -> 0.0095966762 | Y12: =RAND() -> 0.069444523 | AA12: =NORMSINV(V12) -> 0.72741927 | AB12: =NORMSINV(W12) -> -0.57077247 | AC12: =NORMSINV(X12) -> -2.3417542 | AD12: =NORMSINV(Y12) -> -1.4799408 | AF12: {=MMULT(AA12:AD12,$AQ$3:$AT$6)} -> 0.72741927 | AG12: 0.31763332 | AH12: -1.4822467 | AI12: -0.86081477 | AK12: =B$5+AF12*B$6 -> 0.21548385 | AL12: =C$5+AG12*C$6 -> 0.126703 | AM12: =D$5+AH12*D$6 -> -0.29295224 | AN12: =E$5+AI12*E$6 -> -0.16963628
V13: =RAND() -> 0.81320516 | W13: =RAND() -> 0.051941853 | X13: =RAND() -> 0.83857228 | Y13: =RAND() -> 0.32840012 | AA13: =NORMSINV(V13) -> 0.88976948 | AB13: =NORMSINV(W13) -> -1.6263101 | AC13: =NORMSINV(X13) -> 0.98860703 | AD13: =NORMSINV(Y13) -> -0.44433522 | AF13: {=MMULT(AA13:AD13,$AQ$3:$AT$6)} -> 0.88976948 | AG13: -0.10040795 | AH13: 0.84761556 | AI13: 0.2429251 | AK13: =B$5+AF13*B$6 -> 0.2479539 | AL13: =C$5+AG13*C$6 -> 0.038914331 | AM13: =D$5+AH13*D$6 -> 0.23825635 | AN13: =E$5+AI13*E$6 -> 0.15044828
V14: =RAND() -> 0.41194909 | W14: =RAND() -> 0.44331629 | X14: =RAND() -> 0.10452904 | Y14: =RAND() -> 0.22138873 | AA14: =NORMSINV(V14) -> -0.22253403 | AB14: =NORMSINV(W14) -> -0.14256647 | AC14: =NORMSINV(X14) -> -1.2561597 | AD14: =NORMSINV(Y14) -> -0.7675115 | AF14: {=MMULT(AA14:AD14,$AQ$3:$AT$6)} -> -0.22253403 | AG14: -0.26425548 | AH14: -1.1192645 | AI14: -0.87659746 | AK14: =B$5+AF14*B$6 -> 0.025493194 | AL14: =C$5+AG14*C$6 -> 0.0045063499 | AM14: =D$5+AH14*D$6 -> -0.2101923 | AN14: =E$5+AI14*E$6 -> -0.17421326
V15: =RAND() -> 0.04519112 | W15: =RAND() -> 0.21758266 | X15: =RAND() -> 0.94489626 | Y15: =RAND() -> 0.94133551 | AA15: =NORMSINV(V15) -> -1.6933848 | AB15: =NORMSINV(W15) -> -0.78038327 | AC15: =NORMSINV(X15) -> 1.5972613 | AD15: =NORMSINV(Y15) -> 1.5660839 | AF15: {=MMULT(AA15:AD15,$AQ$3:$AT$6)} -> -1.6933848 | AG15: -1.8504695 | AH15: -0.018190314 | AI15: -0.24994483 | AK15: =B$5+AF15*B$6 -> -0.26867697 | AL15: =C$5+AG15*C$6 -> -0.32859859 | AM15: =D$5+AH15*D$6 -> 0.040852608 | AN15: =E$5+AI15*E$6 -> 0.0075160002
V16: =RAND() -> 0.92534658 | W16: =RAND() -> 0.66167758 | X16: =RAND() -> 0.75137917 | Y16: =RAND() -> 0.082187038 | AA16: =NORMSINV(V16) -> 1.4419841 | AB16: =NORMSINV(W16) -> 0.41704589 | AC16: =NORMSINV(X16) -> 0.67883618 | AD16: =NORMSINV(Y16) -> -1.39051 | AF16: {=MMULT(AA16:AD16,$AQ$3:$AT$6)} -> 1.4419841 | AG16: 1.4453791 | AH16: 1.4882528 | AI16: 0.49475808 | AK16: =B$5+AF16*B$6 -> 0.35839683 | AL16: =C$5+AG16*C$6 -> 0.3635296 | AM16: =D$5+AH16*D$6 -> 0.38432165 | AN16: =E$5+AI16*E$6 -> 0.22347984
V17: =RAND() -> 0.013939008 | W17: =RAND() -> 0.80954532 | X17: =RAND() -> 0.084805227 | Y17: =RAND() -> 0.1073395 | AA17: =NORMSINV(V17) -> -2.1989987 | AB17: =NORMSINV(W17) -> 0.876222 | AC17: =NORMSINV(X17) -> -1.3734566 | AD17: =NORMSINV(Y17) -> -1.2408017 | AF17: {=MMULT(AA17:AD17,$AQ$3:$AT$6)} -> -2.1989987 | AG17: -1.4075703 | AH17: -2.1228939 | AI17: -2.4565807 | AK17: =B$5+AF17*B$6 -> -0.36979974 | AL17: =C$5+AG17*C$6 -> -0.23558976 | AM17: =D$5+AH17*D$6 -> -0.43901982 | AN17: =E$5+AI17*E$6 -> -0.63240841
V18: =RAND() -> 0.43178143 | W18: =RAND() -> 0.48810203 | X18: =RAND() -> 0.17821628 | Y18: =RAND() -> 0.45074077 | AA18: =NORMSINV(V18) -> -0.17184059 | AB18: =NORMSINV(W18) -> -0.029828215 | AC18: =NORMSINV(X18) -> -0.92218408 | AD18: =NORMSINV(Y18) -> -0.12379001 | AF18: {=MMULT(AA18:AD18,$AQ$3:$AT$6)} -> -0.17184059 | AG18: -0.16177749 | AH18: -0.80688008 | AI18: -0.37634258 | AK18: =B$5+AF18*B$6 -> 0.035631882 | AL18: =C$5+AG18*C$6 -> 0.026026728 | AM18: =D$5+AH18*D$6 -> -0.13896866 | AN18: =E$5+AI18*E$6 -> -0.029139347
V19: =RAND() -> 0.84335393 | W19: =RAND() -> 0.31881207 | X19: =RAND() -> 0.044180332 | Y19: =RAND() -> 0.1712301 | AA19: =NORMSINV(V19) -> 1.0083382 | AB19: =NORMSINV(W19) -> -0.47102324 | AC19: =NORMSINV(X19) -> -1.7041093 | AD19: =NORMSINV(Y19) -> -0.94931546 | AF19: {=MMULT(AA19:AD19,$AQ$3:$AT$6)} -> 1.0083382 | AG19: 0.60896055 | AH19: -0.80604066 | AI19: -0.19969313 | AK19: =B$5+AF19*B$6 -> 0.27166763 | AL19: =C$5+AG19*C$6 -> 0.18788172 | AM19: =D$5+AH19*D$6 -> -0.13877727 | AN19: =E$5+AI19*E$6 -> 0.022088994
V20: =RAND() -> 0.94299728 | W20: =RAND() -> 0.067296398 | X20: =RAND() -> 0.47350347 | Y20: =RAND() -> 0.41762635 | AA20: =NORMSINV(V20) -> 1.5804431 | AB20: =NORMSINV(W20) -> -1.4962336 | AC20: =NORMSINV(X20) -> -0.066465857 | AD20: =NORMSINV(Y20) -> -0.20796961 | AF20: {=MMULT(AA20:AD20,$AQ$3:$AT$6)} -> 1.5804431 | AG20: 0.55518665 | AH20: 0.5004676 | AI20: 0.74354416 | AK20: =B$5+AF20*B$6 -> 0.38608861 | AL20: =C$5+AG20*C$6 -> 0.1765892 | AM20: =D$5+AH20*D$6 -> 0.15910661 | AN20: =E$5+AI20*E$6 -> 0.29562781
V21: =RAND() -> 0.16424161 | W21: =RAND() -> 0.73929413 | X21: =RAND() -> 0.25789137 | Y21: =RAND() -> 0.45733329 | AA21: =NORMSINV(V21) -> -0.9771736 | AB21: =NORMSINV(W21) -> 0.64117076 | AC21: =NORMSINV(X21) -> -0.64985988 | AD21: =NORMSINV(Y21) -> -0.10715428 | AF21: {=MMULT(AA21:AD21,$AQ$3:$AT$6)} -> -0.9771736 | AG21: -0.4928399 | AH21: -0.90626586 | AI21: -0.78418709 | AK21: =B$5+AF21*B$6 -> -0.12543472 | AL21: =C$5+AG21*C$6 -> -0.043496379 | AM21: =D$5+AH21*D$6 -> -0.16162862 | AN21: =E$5+AI21*E$6 -> -0.14741426
V22: =RAND() -> 0.45561008 | W22: =RAND() -> 0.82540174 | X22: =RAND() -> 0.37749462 | Y22: =RAND() -> 0.070835847 | AA22: =NORMSINV(V22) -> -0.11149963 | AB22: =NORMSINV(W22) -> 0.93614891 | AC22: =NORMSINV(X22) -> -0.31206747 | AD22: =NORMSINV(Y22) -> -1.4695942 | AF22: {=MMULT(AA22:AD22,$AQ$3:$AT$6)} -> -0.11149963 | AG22: 0.39837236 | AH22: -0.053580279 | AI22: -0.7990935 | AK22: =B$5+AF22*B$6 -> 0.047700074 | AL22: =C$5+AG22*C$6 -> 0.14365819 | AM22: =D$5+AH22*D$6 -> 0.032783696 | AN22: =E$5+AI22*E$6 -> -0.15173712
V23: =RAND() -> 0.95755984 | W23: =RAND() -> 0.14581497 | X23: =RAND() -> 0.23355004 | Y23: =RAND() -> 0.28558431 | AA23: =NORMSINV(V23) -> 1.7230454 | AB23: =NORMSINV(W23) -> -1.0545527 | AC23: =NORMSINV(X23) -> -0.7272055 | AD23: =NORMSINV(Y23) -> -0.56633125 | AF23: {=MMULT(AA23:AD23,$AQ$3:$AT$6)} -> 1.7230454 | AG23: 0.90906846 | AH23: 0.20484052 | AI23: 0.61815725 | AK23: =B$5+AF23*B$6 -> 0.41460908 | AL23: =C$5+AG23*C$6 -> 0.25090438 | AM23: =D$5+AH23*D$6 -> 0.091703638 | AN23: =E$5+AI23*E$6 -> 0.2592656
V24: =RAND() -> 0.28088508 | W24: =RAND() -> 0.36702878 | X24: =RAND() -> 0.9834417 | Y24: =RAND() -> 0.81080913 | AA24: =NORMSINV(V24) -> -0.58021423 | AB24: =NORMSINV(W24) -> -0.33973306 | AC24: =NORMSINV(X24) -> 2.1306668 | AD24: =NORMSINV(Y24) -> 0.88088192 | AF24: {=MMULT(AA24:AD24,$AQ$3:$AT$6)} -> -0.58021423 | AG24: -0.67214759 | AH24: 1.1693106 | AI24: 0.38669909 | AK24: =B$5+AF24*B$6 -> -0.046042846 | AL24: =C$5+AG24*C$6 -> -0.081150994 | AM24: =D$5+AH24*D$6 -> 0.31160283 | AN24: =E$5+AI24*E$6 -> 0.19214274
... V153: =RAND() -> 0.4969032 | W153: =RAND() -> 0.10574556 | X153: =RAND() -> 0.12624949 | Y153: =RAND() -> 0.93125483 | AA153: =NORMSINV(V153) -> -0.0077626055 | AB153: =NORMSINV(W153) -> -1.2494757 | AC153: =NORMSINV(X153) -> -1.1443006 | AD153: =NORMSINV(Y153) -> 1.4852019 | AF153: {=MMULT(AA153:AD153,$AQ$3:$AT$6)} -> -0.0077626055 | AG153: -0.6648004 | AH153: -1.2001735 | AI153: 0.38635749 | AK153: =B$5+AF153*B$6 -> 0.068447479 | AL153: =C$5+AG153*C$6 -> -0.079608084 | AM153: =D$5+AH153*D$6 -> -0.22863956 | AN153: =E$5+AI153*E$6 -> 0.19204367
AJ2006: Rend. Sim | AK2006: =AVERAGE(AK4:AK2003) -> 0.081370745 | AL2006: =AVERAGE(AL4:AL2003) -> 0.059876739 | AM2006: =AVERAGE(AM4:AM2003) -> 0.050064227 | AN2006: =AVERAGE(AN4:AN2003) -> 0.095451553
AJ2007: Rischi Sim. | AK2007: =STDEV(AK4:AK2003) -> 0.19204812 | AL2007: =STDEV(AL4:AL2003) -> 0.19976351 | AM2007: =STDEV(AM4:AM2003) -> 0.21504785 | AN2007: =STDEV(AN4:AN2003) -> 0.27810654

Sheet Resampling_TM
A1: ASSET CLASSES | B1: E(r) | C1: s | F1: cov | G1: Bofa ML Euro 0-1 anni | H1: Bofa ML Bond Euro 1-3 Y | I1: Bofa ML Obbl. Euro | J1: Bofa ML Obbl. Globale | K1: ML Global HY | L1: Bofa ML Obbl Emergente | M1: MSCI Europe | N1: MSCI North America | O1: MSCI Pacific | P1: MSCI Emerging Markets | Q1: Opportunities
A2: ='Mark opt'!A2 -> Bofa ML Euro 0-1 anni | B2: ='Mark opt'!B2 -> 0.02 | C2: ='Mark opt'!C2 -> 0.0086802842 | F2: =A2 -> Bofa ML Euro 0-1 anni | G2: ='Mark opt'!H2 -> 7.5347334e-05 | H2: ='Mark opt'!I2 -> 8.4124644e-05 | I2: ='Mark opt'!J2 -> 8.3378228e-05 | J2: ='Mark opt'!K2 -> 7.1342985e-05 | K2: ='Mark opt'!L2 -> -0.00017397431 | L2: ='Mark opt'!M2 -> -6.1542754e-05 | M2: ='Mark opt'!N2 -> -0.00033207095 | N2: ='Mark opt'!O2 -> -0.00039257831 | ... Q2: ='Mark opt'!R2 -> -0.00026083404
A3: ='Mark opt'!A3 -> Bofa ML Bond Euro 1-3 Y | B3: ='Mark opt'!B3 -> 0.029 | C3: ='Mark opt'!C3 -> 0.016887831 | F3: =A3 -> Bofa ML Bond Euro 1-3 Y | G3: ='Mark opt'!H3 -> 8.4124644e-05 | H3: ='Mark opt'!I3 -> 0.00028519884 | I3: ='Mark opt'!J3 -> 0.00052850669 | J3: ='Mark opt'!K3 -> 0.000301066 | K3: ='Mark opt'!L3 -> -1.9639822e-06 | L3: ='Mark opt'!M3 -> 7.8226156e-05 | M3: ='Mark opt'!N3 -> -0.00044277805 | N3: ='Mark opt'!O3 -> -0.00057545911 | ... Q3: ='Mark opt'!R3 -> -0.00054852013
A4: ='Mark opt'!A4 -> Bofa ML Obbl. Euro | B4: ='Mark opt'!B4 -> 0.03255 | C4: ='Mark opt'!C4 -> 0.04168791 | F4: =A4 -> Bofa ML Obbl. Euro | G4: ='Mark opt'!H4 -> 8.3378228e-05 | H4: ='Mark opt'!I4 -> 0.00052850669 | I4: ='Mark opt'!J4 -> 0.0017378818 | J4: ='Mark opt'!K4 -> 0.0012112773 | K4: ='Mark opt'!L4 -> 0.00043922155 | L4: ='Mark opt'!M4 -> 0.00082645978 | M4: ='Mark opt'!N4 -> -0.00036330969 | N4: ='Mark opt'!O4 -> -0.00033697727 | ... Q4: ='Mark opt'!R4 -> -0.00066831916
A5: ='Mark opt'!A5 -> Bofa ML Obbl. Globale | B5: ='Mark opt'!B5 -> 0.030122243 | C5: ='Mark opt'!C5 -> 0.069174632 | F5: =A5 -> Bofa ML Obbl. Globale | G5: ='Mark opt'!H5 -> 7.1342985e-05 | H5: ='Mark opt'!I5 -> 0.000301066 | I5: ='Mark opt'!J5 -> 0.0012112773 | J5: ='Mark opt'!K5 -> 0.0047851297 | K5: ='Mark opt'!L5 -> 0.0023664839 | L5: ='Mark opt'!M5 -> 0.0025755328 | M5: ='Mark opt'!N5 -> -0.0023069931 | N5: ='Mark opt'!O5 -> 0.0008906135 | ... Q5: ='Mark opt'!R5 -> -0.00055598841
A6: ='Mark opt'!A6 -> ML Global HY | B6: ='Mark opt'!B6 -> 0.073 | C6: ='Mark opt'!C6 -> 0.11065841 | F6: =A6 -> ML Global HY | G6: ='Mark opt'!H6 -> -0.00017397431 | H6: ='Mark opt'!I6 -> -1.9639822e-06 | I6: ='Mark opt'!J6 -> 0.00043922155 | J6: ='Mark opt'!K6 -> 0.0023664839 | K6: ='Mark opt'!L6 -> 0.012245283 | L6: ='Mark opt'!M6 -> 0.00983592 | M6: ='Mark opt'!N6 -> 0.010775571 | N6: ='Mark opt'!O6 -> 0.012850416 | ... Q6: ='Mark opt'!R6 -> 0.011378505
A7: ='Mark opt'!A7 -> Bofa ML Obbl Emergente | B7: ='Mark opt'!B7 -> 0.06 | C7: ='Mark opt'!C7 -> 0.12718802 | F7: =A7 -> Bofa ML Obbl Emergente | G7: ='Mark opt'!H7 -> -6.1542754e-05 | H7: ='Mark opt'!I7 -> 7.8226156e-05 | I7: ='Mark opt'!J7 -> 0.00082645978 | J7: ='Mark opt'!K7 -> 0.0025755328 | K7: ='Mark opt'!L7 -> 0.00983592 | L7: ='Mark opt'!M7 -> 0.016176792 | M7: ='Mark opt'!N7 -> 0.010983252 | N7: ='Mark opt'!O7 -> 0.013100393 | ... Q7: ='Mark opt'!R7 -> 0.011104224
A8: ='Mark opt'!A8 -> MSCI Europe | B8: ='Mark opt'!B8 -> 0.065 | C8: ='Mark opt'!C8 -> 0.17527257 | F8: =A8 -> MSCI Europe | G8: ='Mark opt'!H8 -> -0.00033207095 | H8: ='Mark opt'!I8 -> -0.00044277805 | I8: ='Mark opt'!J8 -> -0.00036330969 | J8: ='Mark opt'!K8 -> -0.0023069931 | K8: ='Mark opt'!L8 -> 0.010775571 | L8: ='Mark opt'!M8 -> 0.010983252 | M8: ='Mark opt'!N8 -> 0.030720472 | N8: ='Mark opt'!O8 -> 0.024597742 | ... Q8: ='Mark opt'!R8 -> 0.022943713
A9: ='Mark opt'!A9 -> MSCI North America | B9: ='Mark opt'!B9 -> 0.075 | C9: ='Mark opt'!C9 -> 0.178 | F9: =A9 -> MSCI North America | G9: ='Mark opt'!H9 -> -0.00039257831 | H9: ='Mark opt'!I9 -> -0.00057545911 | I9: ='Mark opt'!J9 -> -0.00033697727 | J9: ='Mark opt'!K9 -> 0.0008906135 | K9: ='Mark opt'!L9 -> 0.012850416 | L9: ='Mark opt'!M9 -> 0.013100393 | M9: ='Mark opt'!N9 -> 0.024597742 | N9: ='Mark opt'!O9 -> 0.031684 | ... Q9: ='Mark opt'!R9 -> 0.023753384
A10: ='Mark opt'!A10 -> MSCI Pacific | B10: ='Mark opt'!B10 -> 0.068068267 | C10: ='Mark opt'!C10 -> 0.18555431 | F10: =A10 -> MSCI Pacific | G10: ='Mark opt'!H10 -> -0.00034189094 | H10: ='Mark opt'!I10 -> -0.0002638948 | I10: ='Mark opt'!J10 -> -0.00023877628 | J10: ='Mark opt'!K10 -> 0.00028093602 | K10: ='Mark opt'!L10 -> 0.010944858 | L10: ='Mark opt'!M10 -> 0.012511455 | M10: ='Mark opt'!N10 -> 0.022749367 | N10: ='Mark opt'!O10 -> 0.022144246 | ... Q10: ='Mark opt'!R10 -> 0.02169613
A11: ='Mark opt'!A11 -> MSCI Emerging Markets | B11: ='Mark opt'!B11 -> 0.083775786 | C11: ='Mark opt'!C11 -> 0.23692683 | F11: =A11 -> MSCI Emerging Markets | G11: ='Mark opt'!H11 -> -0.00033686116 | H11: ='Mark opt'!I11 -> -0.00051360836 | I11: ='Mark opt'!J11 -> -0.0004320099 | J11: ='Mark opt'!K11 -> -0.0019456008 | K11: ='Mark opt'!L11 -> 0.01493782 | L11: ='Mark opt'!M11 -> 0.019179196 | M11: ='Mark opt'!N11 -> 0.030464166 | N11: ='Mark opt'!O11 -> 0.028532455 | ... Q11: ='Mark opt'!R11 -> 0.028302038
A12: ='Mark opt'!A12 -> Opportunities | B12: ='Mark opt'!B12 -> 0.068743756 | C12: ='Mark opt'!C12 -> 0.15358287 | F12: =A12 -> Opportunities | G12: ='Mark opt'!H12 -> -0.00026083404 | H12: ='Mark opt'!I12 -> -0.00054852013 | I12: ='Mark opt'!J12 -> -0.00066831916 | J12: ='Mark opt'!K12 -> -0.00055598841 | K12: ='Mark opt'!L12 -> 0.011378505 | L12: ='Mark opt'!M12 -> 0.011104224 | M12: ='Mark opt'!N12 -> 0.022943713 | N12: ='Mark opt'!O12 -> 0.023753384 | ... Q12: ='Mark opt'!R12 -> 0.023587697
A14: 1000
A15: Numero di simulazioni
A17: 15
A18: Size

Sheet BL
A1: Mercati Coinvolti | D1: View | E1: Fiducia
A5: ASSET CLASS | B5: Wmn | D5: S
A6: ='Mark opt'!A2 -> Bofa ML Euro 0-1 anni | B6: ='Strategia Naive'!B2 -> 0.04 | D6: 7.5347334e-05 | E6: 8.4124644e-05 | F6: 8.3378228e-05 | G6: 7.1342985e-05 | H6: -0.00017397431 | I6: -6.1542754e-05 | J6: -0.00033207095 | K6: -0.00039257831 | L6: -0.00034189094 | M6: -0.00033686116 | N6: -0.00026083404
A7: ='Mark opt'!A3 -> Bofa ML Bond Euro 1-3 Y | B7: ='Strategia Naive'!B3 -> 0.07 | D7: 8.4124644e-05 | E7: 0.00028519884 | F7: 0.00052850669 | G7: 0.000301066 | H7: -1.9639822e-06 | I7: 7.8226156e-05 | J7: -0.00044277805 | K7: -0.00057545911 | L7: -0.0002638948 | M7: -0.00051360836 | N7: -0.00054852013
A8: ='Mark opt'!A4 -> Bofa ML Obbl. Euro | B8: ='Strategia Naive'!B4 -> 0.16 | D8: 8.3378228e-05 | E8: 0.00052850669 | F8: 0.0017378818 | G8: 0.0012112773 | H8: 0.00043922155 | I8: 0.00082645978 | J8: -0.00036330969 | K8: -0.00033697727 | L8: -0.00023877628 | M8: -0.0004320099 | N8: -0.00066831916
A9: ='Mark opt'!A5 -> Bofa ML Obbl. Globale | B9: ='Strategia Naive'!B5 -> 0.6 | D9: 7.1342985e-05 | E9: 0.000301066 | F9: 0.0012112773 | G9: 0.0047851297 | H9: 0.0023664839 | I9: 0.0025755328 | J9: -0.0023069931 | K9: 0.0008906135 | L9: 0.00028093602 | M9: -0.0019456008 | N9: -0.00055598841
A10: ='Mark opt'!A6 -> ML Global HY | B10: ='Strategia Naive'!B6 -> 0.05 | D10: -0.00017397431 | E10: -1.9639822e-06 | F10: 0.00043922155 | G10: 0.0023664839 | H10: 0.012245283 | I10: 0.00983592 | J10: 0.010775571 | K10: 0.012850416 | L10: 0.010944858 | M10: 0.01493782 | N10: 0.011378505
A11: ='Mark opt'!A7 -> Bofa ML Obbl Emergente | B11: ='Strategia Naive'!B7 -> 0.08 | D11: -6.1542754e-05 | E11: 7.8226156e-05 | F11: 0.00082645978 | G11: 0.0025755328 | H11: 0.00983592 | I11: 0.016176792 | J11: 0.010983252 | K11: 0.013100393 | L11: 0.012511455 | M11: 0.019179196 | N11: 0.011104224
A12: ='Mark opt'!A8 -> MSCI Europe | B12: ='Strategia Naive'!B8 -> 0 | D12: -0.00033207095 | E12: -0.00044277805 | F12: -0.00036330969 | G12: -0.0023069931 | H12: 0.010775571 | I12: 0.010983252 | J12: 0.030720472 | K12: 0.024597742 | L12: 0.022749367 | M12: 0.030464166 | N12: 0.022943713
A13: ='Mark opt'!A9 -> MSCI North America | B13: ='Strategia Naive'!B9 -> 0 | D13: -0.00039257831 | E13: -0.00057545911 | F13: -0.00033697727 | G13: 0.0008906135 | H13: 0.012850416 | I13: 0.013100393 | J13: 0.024597742 | K13: 0.029333884 | L13: 0.022144246 | M13: 0.028532455 | N13: 0.023753384
A14: ='Mark opt'!A10 -> MSCI Pacific | B14: ='Strategia Naive'!B10 -> 0 | D14: -0.00034189094 | E14: -0.0002638948 | F14: -0.00023877628 | G14: 0.00028093602 | H14: 0.010944858 | I14: 0.012511455 | J14: 0.022749367 | K14: 0.022144246 | L14: 0.034430403 | M14: 0.034107686 | N14: 0.02169613
A15: ='Mark opt'!A11 -> MSCI Emerging Markets | B15: ='Strategia Naive'!B11 -> 0 | D15: -0.00033686116 | E15: -0.00051360836 | F15: -0.0004320099 | G15: -0.0019456008 | H15: 0.01493782 | I15: 0.019179196 | J15: 0.030464166 | K15: 0.028532455 | L15: 0.034107686 | M15: 0.056134322 | N15: 0.028302038
A16: ='Mark opt'!A12 -> Opportunities | B16: ='Strategia Naive'!B12 -> 0 | D16: -0.00026083404 | E16: -0.00054852013 | F16: -0.00066831916 | G16: -0.00055598841 | H16: 0.011378505 | I16: 0.011104224 | J16: 0.022943713 | K16: 0.023753384 | L16: 0.02169613 | M16: 0.028302038 | N16: 0.023587697
A19: rf | B19: ='Mark opt'!B2 -> 0.02
A20: lambda | B20: 5
Y21: t | Z21: =1/23 -> 0.043478261
B22: P MN | C22: Rend BL
A23: =A6 -> Bofa ML Euro 0-1 anni | B23: {=B19+B20*MMULT(D6:N16,B6:B16)} -> 0.020257134 | C23: {=MMULT(B53:L63,N53:N63)} -> #DIV/0! | Y23: t*S
A24: =A7 -> Bofa ML Bond Euro 1-3 Y | B24: 0.021473447 | C24: #DIV/0! | Y24: {=Z21*(D6:N16)} -> 3.275971e-06 | Z24: 3.6575932e-06 | AA24: 3.6251403e-06 | AB24: 3.1018689e-06 | AC24: -7.5641002e-06 | AD24: -2.6757719e-06 | AE24: -1.4437868e-05 | AF24: -1.7068622e-05 | AG24: -1.4864823e-05 | AH24: -1.4646137e-05 | AI24: -1.134061e-05
A25: =A8 -> Bofa ML Obbl. Euro | B25: 0.02566618 | C25: #DIV/0! | Y25: 3.6575932e-06 | Z25: 1.239995e-05 | AA25: 2.2978552e-05 | AB25: 1.3089826e-05 | AC25: -8.5390529e-08 | AD25: 3.4011372e-06 | AE25: -1.9251219e-05 | AF25: -2.5019961e-05 | AG25: -1.1473687e-05 | AH25: -2.2330798e-05 | AI25: -2.3848701e-05
A26: =A9 -> Bofa ML Obbl. Globale | B26: 0.037065887 | C26: #DIV/0! | Y26: 3.6251403e-06 | Z26: 2.2978552e-05 | AA26: 7.5560079e-05 | AB26: 5.2664232e-05 | AC26: 1.9096589e-05 | AD26: 3.5933034e-05 | AE26: -1.5796074e-05 | AF26: -1.4651186e-05 | AG26: -1.0381577e-05 | AH26: -1.8783039e-05 | AI26: -2.9057355e-05
A27: =A10 -> ML Global HY | B27: 0.034411035 | C27: #DIV/0! | Y27: 3.1018689e-06 | Z27: 1.3089826e-05 | AA27: 5.2664232e-05 | AB27: 0.00020804912 | AC27: 0.0001028906 | AD27: 0.00011197969 | AE27: -0.00010030405 | AF27: 3.8722326e-05 | AG27: 1.2214609e-05 | AH27: -8.4591341e-05 | AI27: -2.4173409e-05
A28: =A11 -> Bofa ML Obbl Emergente | B28: 0.037332534 | C28: #DIV/0! | Y28: -7.5641002e-06 | Z28: -8.5390529e-08 | AA28: 1.9096589e-05 | AB28: 0.0001028906 | AC28: 0.0005324036 | AD28: 0.0004276487 | AE28: 0.00046850309 | AF28: 0.00055871374 | AG28: 0.00047586337 | AH28: 0.00064947043 | AI28: 0.00049471759
A29: =A12 -> MSCI Europe | B29: 0.01965418 | C29: #DIV/0! | Y29: -2.6757719e-06 | Z29: 3.4011372e-06 | AA29: 3.5933034e-05 | AB29: 0.00011197969 | AC29: 0.0004276487 | AD29: 0.00070333876 | AE29: 0.00047753268 | AF29: 0.00056958231 | AG29: 0.00054397632 | AH29: 0.00083387807 | AI29: 0.00048279235
A30: =A13 -> MSCI North America | B30: 0.030575094 | C30: #DIV/0! | Y30: -1.4437868e-05 | Z30: -1.9251219e-05 | AA30: -1.5796074e-05 | AB30: -0.00010030405 | AC30: 0.00046850309 | AD30: 0.00047753268 | AE30: 0.0013356727 | AF30: 0.001069467 | AG30: 0.00098910292 | AH30: 0.001324529 | AI30: 0.00099755276
A31: =A14 -> MSCI Pacific | B31: 0.028231842 | C31: #DIV/0! | Y31: -1.7068622e-05 | Z31: -2.5019961e-05 | AA31: -1.4651186e-05 | AB31: 3.8722326e-05 | AC31: 0.00055871374 | AD31: 0.00056958231 | AE31: 0.001069467 | AF31: 0.0012753863 | AG31: 0.00096279331 | AH31: 0.0012405415 | AI31: 0.0010327558
A32: =A15 -> MSCI Emerging Markets | B32: 0.024976588 | C32: #DIV/0! | Y32: -1.4864823e-05 | Z32: -1.1473687e-05 | AA32: -1.0381577e-05 | AB32: 1.2214609e-05 | AC32: 0.00047586337 | AD32: 0.00054397632 | AE32: 0.00098910292 | AF32: 0.00096279331 | AG32: 0.001496974 | AH32: 0.0014829429 | AI32: 0.00094331001
A33: =A16 -> Opportunities | B33: 0.024839546 | C33: #DIV/0! | Y33: -1.4646137e-05 | Z33: -2.2330798e-05 | AA33: -1.8783039e-05 | AB33: -8.4591341e-05 | AC33: 0.00064947043 | AD33: 0.00083387807 | AE33: 0.001324529 | AF33: 0.0012405415 | AG33: 0.0014829429 | AH33: 0.0024406227 | AI33: 0.0012305234
Y34: -1.134061e-05 | Z34: -2.3848701e-05 | AA34: -2.9057355e-05 | AB34: -2.4173409e-05 | AC34: 0.00049471759 | AD34: 0.00048279235 | AE34: 0.00099755276 | AF34: 0.0010327558 | AG34: 0.00094331001 | AH34: 0.0012305234 | AI34: 0.0010255521
U36: {=TRANSPOSE(A23:A34)} -> Bofa ML Euro 0-1 anni | V36: Bofa ML Bond Euro 1-3 Y | W36: Bofa ML Obbl. Euro | X36: Bofa ML Obbl. Globale | Y36: ML Global HY | Z36: Bofa ML Obbl Emergente | AA36: MSCI Europe | AB36: MSCI North America | AC36: MSCI Pacific | AD36: MSCI Emerging Markets | AE36: Opportunities
T37: P | U37: 0 | V37: 0 | W37: 0 | X37: 0 | Y37: 0 | Z37: 0 | AA37: 0 | AB37: 0 | AC37: 0 | AD37: 0 | AE37: 0
U38: 0 | V38: 0 | W38: 0 | X38: 0 | Y38: 0 | Z38: 0 | AA38: 0 | AB38: 0 | AC38: 0 | AD38: 0 | AE38: 0
T40: Q | U40: =D2 -> 0
U41: =D3 -> 0
T43: C | U43: =E2 -> 0
U44: =E3 -> 0
T46: W | U46: {=(1/U43-1)*MMULT(MMULT(U37:AE37,Z21*(D6:N16)),TRANSPOSE(U37:AE37))} -> #DIV/0! | V46: 0
U47: 0 | V47: {=(1/U44-1)*MMULT(MMULT(U38:AE38,Z21*(D6:N16)),TRANSPOSE(U38:AE38))} -> #DIV/0!
B53: {=MINVERSE(MINVERSE(Y24:AI34)+MMULT(MMULT(TRANSPOSE(U37:AE38),MINVERSE(U46:V47)),U37:AE38))} -> #DIV/0! | C53: #DIV/0! | D53: #DIV/0! | E53: #DIV/0! | F53: #DIV/0! | G53: #DIV/0! | H53: #DIV/0! | I53: #DIV/0! | J53: #DIV/0! | K53: #DIV/0! | L53: #DIV/0! | N53: {=MMULT(MINVERSE(Y24:AI34),B23:B33)+MMULT(MMULT(TRANSPOSE(U37:AE38),MINVERSE(U46:V47)),U40:U41)} -> #DIV/0!
B54: #DIV/0! | C54: #DIV/0! | D54: #DIV/0! | E54: #DIV/0! | F54: #DIV/0! | G54: #DIV/0! | H54: #DIV/0! | I54: #DIV/0! | J54: #DIV/0! | K54: #DIV/0! | L54: #DIV/0! | N54: #DIV/0!
B55: #DIV/0! | C55: #DIV/0! | D55: #DIV/0! | E55: #DIV/0! | F55: #DIV/0! | G55: #DIV/0! | H55: #DIV/0! | I55: #DIV/0! | J55: #DIV/0! | K55: #DIV/0! | L55: #DIV/0! | N55: #DIV/0!
B56: #DIV/0! | C56: #DIV/0! | D56: #DIV/0! | E56: #DIV/0! | F56: #DIV/0! | G56: #DIV/0! | H56: #DIV/0! | I56: #DIV/0! | J56: #DIV/0! | K56: #DIV/0! | L56: #DIV/0! | N56: #DIV/0!
B57: #DIV/0! | C57: #DIV/0! | D57: #DIV/0! | E57: #DIV/0! | F57: #DIV/0! | G57: #DIV/0! | H57: #DIV/0! | I57: #DIV/0! | J57: #DIV/0! | K57: #DIV/0! | L57: #DIV/0! | N57: #DIV/0!
B58: #DIV/0! | C58: #DIV/0! | D58: #DIV/0! | E58: #DIV/0! | F58: #DIV/0! | G58: #DIV/0! | H58: #DIV/0! | I58: #DIV/0! | J58: #DIV/0! | K58: #DIV/0! | L58: #DIV/0! | N58: #DIV/0!
B59: #DIV/0! | C59: #DIV/0! | D59: #DIV/0! | E59: #DIV/0! | F59: #DIV/0! | G59: #DIV/0! | H59: #DIV/0! | I59: #DIV/0! | J59: #DIV/0! | K59: #DIV/0! | L59: #DIV/0! | N59: #DIV/0!
B60: #DIV/0! | C60: #DIV/0! | D60: #DIV/0! | E60: #DIV/0! | F60: #DIV/0! | G60: #DIV/0! | H60: #DIV/0! | I60: #DIV/0! | J60: #DIV/0! | K60: #DIV/0! | L60: #DIV/0! | N60: #DIV/0!
B61: #DIV/0! | C61: #DIV/0! | D61: #DIV/0! | E61: #DIV/0! | F61: #DIV/0! | G61: #DIV/0! | H61: #DIV/0! | I61: #DIV/0! | J61: #DIV/0! | K61: #DIV/0! | L61: #DIV/0! | N61: #DIV/0!
B62: #DIV/0! | C62: #DIV/0! | D62: #DIV/0! | E62: #DIV/0! | F62: #DIV/0! | G62: #DIV/0! | H62: #DIV/0! | I62: #DIV/0! | J62: #DIV/0! | K62: #DIV/0! | L62: #DIV/0! | N62: #DIV/0!
B63: #DIV/0! | C63: #DIV/0! | D63: #DIV/0! | E63: #DIV/0! | F63: #DIV/0! | G63: #DIV/0! | H63: #DIV/0! | I63: #DIV/0! | J63: #DIV/0! | K63: #DIV/0! | L63: #DIV/0! | N63: #DIV/0!

Sheet BL + Infra Optim
A1: Asset Classes | B1: E(r) BL | C1: s | D1: Pesi | G1: cov | H1: Bofa ML Euro 0-1 anni | I1: Bofa ML Bond Euro 1-3 Y | J1: Bofa ML Obbl. Euro | K1: Bofa ML Obbl. Globale | L1: ML Global HY | M1: Bofa ML Obbl Emergente | N1: MSCI Europe | O1: MSCI North America | P1: MSCI Pacific | Q1: MSCI Emerging Markets | R1: Opportunities | T1: Asset Class | U1: min | V1: MKT NEUTR HBA | W1: MAX
A2: ='Mark opt'!A2 -> Bofa ML Euro 0-1 anni | B2: =BL!C23 -> #DIV/0! | C2: ='Mark opt'!C2 -> 0.0086802842 | D2: =1/11 -> 0.090909091 | G2: =A2 -> Bofa ML Euro 0-1 anni | H2: ='Mark opt'!H2 -> 7.5347334e-05 | I2: ='Mark opt'!I2 -> 8.4124644e-05 | J2: ='Mark opt'!J2 -> 8.3378228e-05 | K2: ='Mark opt'!K2 -> 7.1342985e-05 | L2: ='Mark opt'!L2 -> -0.00017397431 | M2: ='Mark opt'!M2 -> -6.1542754e-05 | N2: ='Mark opt'!N2 -> -0.00033207095 | O2: ='Mark opt'!O2 -> -0.00039257831 | ... R2: ='Mark opt'!R2 -> -0.00026083404 | T2: =A2 -> Bofa ML Euro 0-1 anni | U2: ='Mark infra optim'!U2 -> 0 | V2: ='[4]Naive Strategy'!G2 -> #REF! | W2: ='Mark infra optim'!W2 -> 0 | Z2: =D2/SUM($D$2:$D$7) -> 0.16666667
A3: ='Mark opt'!A3 -> Bofa ML Bond Euro 1-3 Y | B3: =BL!C24 -> #DIV/0! | C3: ='Mark opt'!C3 -> 0.016887831 | D3: =1/11 -> 0.090909091 | G3: =A3 -> Bofa ML Bond Euro 1-3 Y | H3: ='Mark opt'!H3 -> 8.4124644e-05 | I3: ='Mark opt'!I3 -> 0.00028519884 | J3: ='Mark opt'!J3 -> 0.00052850669 | K3: ='Mark opt'!K3 -> 0.000301066 | L3: ='Mark opt'!L3 -> -1.9639822e-06 | M3: ='Mark opt'!M3 -> 7.8226156e-05 | N3: ='Mark opt'!N3 -> -0.00044277805 | O3: ='Mark opt'!O3 -> -0.00057545911 | ... R3: ='Mark opt'!R3 -> -0.00054852013 | T3: =A3 -> Bofa ML Bond Euro 1-3 Y | U3: ='Mark infra optim'!U3 -> 0 | V3: ='[4]Naive Strategy'!G3 -> #REF! | W3: ='Mark infra optim'!W3 -> 0 | Z3: =D3/SUM($D$2:$D$7) -> 0.16666667
A4: ='Mark opt'!A4 -> Bofa ML Obbl. Euro | B4: =BL!C25 -> #DIV/0! | C4: ='Mark opt'!C4 -> 0.04168791 | D4: =1/11 -> 0.090909091 | G4: =A4 -> Bofa ML Obbl. Euro | H4: ='Mark opt'!H4 -> 8.3378228e-05 | I4: ='Mark opt'!I4 -> 0.00052850669 | J4: ='Mark opt'!J4 -> 0.0017378818 | K4: ='Mark opt'!K4 -> 0.0012112773 | L4: ='Mark opt'!L4 -> 0.00043922155 | M4: ='Mark opt'!M4 -> 0.00082645978 | N4: ='Mark opt'!N4 -> -0.00036330969 | O4: ='Mark opt'!O4 -> -0.00033697727 | ... R4: ='Mark opt'!R4 -> -0.00066831916 | T4: =A4 -> Bofa ML Obbl. Euro | U4: ='Mark infra optim'!U4 -> 0 | V4: ='[4]Naive Strategy'!G4 -> #REF! | W4: ='Mark infra optim'!W4 -> 0 | Z4: =D4/SUM($D$2:$D$7) -> 0.16666667
A5: ='Mark opt'!A5 -> Bofa ML Obbl. Globale | B5: =BL!C26 -> #DIV/0! | C5: ='Mark opt'!C5 -> 0.069174632 | D5: =1/11 -> 0.090909091 | G5: =A5 -> Bofa ML Obbl. Globale | H5: ='Mark opt'!H5 -> 7.1342985e-05 | I5: ='Mark opt'!I5 -> 0.000301066 | J5: ='Mark opt'!J5 -> 0.0012112773 | K5: ='Mark opt'!K5 -> 0.0047851297 | L5: ='Mark opt'!L5 -> 0.0023664839 | M5: ='Mark opt'!M5 -> 0.0025755328 | N5: ='Mark opt'!N5 -> -0.0023069931 | O5: ='Mark opt'!O5 -> 0.0008906135 | ... R5: ='Mark opt'!R5 -> -0.00055598841 | T5: =A5 -> Bofa ML Obbl. Globale | U5: ='Mark infra optim'!U5 -> 0 | V5: ='[4]Naive Strategy'!G5 -> #REF! | W5: ='Mark infra optim'!W5 -> 0 | Z5: =D5/SUM($D$2:$D$7) -> 0.16666667
A6: ='Mark opt'!A6 -> ML Global HY | B6: =BL!C27 -> #DIV/0! | C6: ='Mark opt'!C6 -> 0.11065841 | D6: =1/11 -> 0.090909091 | G6: =A6 -> ML Global HY | H6: ='Mark opt'!H6 -> -0.00017397431 | I6: ='Mark opt'!I6 -> -1.9639822e-06 | J6: ='Mark opt'!J6 -> 0.00043922155 | K6: ='Mark opt'!K6 -> 0.0023664839 | L6: ='Mark opt'!L6 -> 0.012245283 | M6: ='Mark opt'!M6 -> 0.00983592 | N6: ='Mark opt'!N6 -> 0.010775571 | O6: ='Mark opt'!O6 -> 0.012850416 | ... R6: ='Mark opt'!R6 -> 0.011378505 | T6: =A6 -> ML Global HY | U6: ='Mark infra optim'!U6 -> 0 | V6: ='[4]Naive Strategy'!G6 -> #REF! | W6: ='Mark infra optim'!W6 -> 0 | Z6: =D6/SUM($D$2:$D$7) -> 0.16666667
A7: ='Mark opt'!A7 -> Bofa ML Obbl Emergente | B7: =BL!C28 -> #DIV/0! | C7: ='Mark opt'!C7 -> 0.12718802 | D7: =1/11 -> 0.090909091 | G7: =A7 -> Bofa ML Obbl Emergente | H7: ='Mark opt'!H7 -> -6.1542754e-05 | I7: ='Mark opt'!I7 -> 7.8226156e-05 | J7: ='Mark opt'!J7 -> 0.00082645978 | K7: ='Mark opt'!K7 -> 0.0025755328 | L7: ='Mark opt'!L7 -> 0.00983592 | M7: ='Mark opt'!M7 -> 0.016176792 | N7: ='Mark opt'!N7 -> 0.010983252 | O7: ='Mark opt'!O7 -> 0.013100393 | ... R7: ='Mark opt'!R7 -> 0.011104224 | T7: =A7 -> Bofa ML Obbl Emergente | U7: ='Mark infra optim'!U7 -> 0 | V7: ='[4]Naive Strategy'!G7 -> #REF! | W7: ='Mark infra optim'!W7 -> 0 | Z7: =D7/SUM($D$2:$D$7) -> 0.16666667
A8: ='Mark opt'!A8 -> MSCI Europe | B8: =BL!C29 -> #DIV/0! | C8: ='Mark opt'!C8 -> 0.17527257 | D8: =1/11 -> 0.090909091 | G8: =A8 -> MSCI Europe | H8: ='Mark opt'!H8 -> -0.00033207095 | I8: ='Mark opt'!I8 -> -0.00044277805 | J8: ='Mark opt'!J8 -> -0.00036330969 | K8: ='Mark opt'!K8 -> -0.0023069931 | L8: ='Mark opt'!L8 -> 0.010775571 | M8: ='Mark opt'!M8 -> 0.010983252 | N8: ='Mark opt'!N8 -> 0.030720472 | O8: ='Mark opt'!O8 -> 0.024597742 | ... R8: ='Mark opt'!R8 -> 0.022943713 | T8: =A8 -> MSCI Europe | U8: ='Mark infra optim'!U8 -> 0 | V8: ='[4]Naive Strategy'!G8 -> #REF! | W8: ='Mark infra optim'!W8 -> 0 | Z8: =D8/SUM($D$8:$D$12) -> 0.2
A9: ='Mark opt'!A9 -> MSCI North America | B9: =BL!C30 -> #DIV/0! | C9: ='Mark opt'!C9 -> 0.178 | D9: =1/11 -> 0.090909091 | G9: =A9 -> MSCI North America | H9: ='Mark opt'!H9 -> -0.00039257831 | I9: ='Mark opt'!I9 -> -0.00057545911 | J9: ='Mark opt'!J9 -> -0.00033697727 | K9: ='Mark opt'!K9 -> 0.0008906135 | L9: ='Mark opt'!L9 -> 0.012850416 | M9: ='Mark opt'!M9 -> 0.013100393 | N9: ='Mark opt'!N9 -> 0.024597742 | O9: ='Mark opt'!O9 -> 0.031684 | ... R9: ='Mark opt'!R9 -> 0.023753384 | T9: =A9 -> MSCI North America | U9: ='Mark infra optim'!U9 -> 0 | V9: ='[4]Naive Strategy'!G9 -> #REF! | W9: ='Mark infra optim'!W9 -> 0 | Z9: =D9/SUM($D$8:$D$12) -> 0.2
A10: ='Mark opt'!A10 -> MSCI Pacific | B10: =BL!C31 -> #DIV/0! | C10: ='Mark opt'!C10 -> 0.18555431 | D10: =1/11 -> 0.090909091 | G10: =A10 -> MSCI Pacific | H10: ='Mark opt'!H10 -> -0.00034189094 | I10: ='Mark opt'!I10 -> -0.0002638948 | J10: ='Mark opt'!J10 -> -0.00023877628 | K10: ='Mark opt'!K10 -> 0.00028093602 | L10: ='Mark opt'!L10 -> 0.010944858 | M10: ='Mark opt'!M10 -> 0.012511455 | N10: ='Mark opt'!N10 -> 0.022749367 | O10: ='Mark opt'!O10 -> 0.022144246 | ... R10: ='Mark opt'!R10 -> 0.02169613 | T10: =A10 -> MSCI Pacific | U10: ='Mark infra optim'!U10 -> 0 | V10: ='[4]Naive Strategy'!G10 -> #REF! | W10: ='Mark infra optim'!W10 -> 0 | Z10: =D10/SUM($D$8:$D$12) -> 0.2
A11: ='Mark opt'!A11 -> MSCI Emerging Markets | B11: =BL!C32 -> #DIV/0! | C11: ='Mark opt'!C11 -> 0.23692683 | D11: =1/11 -> 0.090909091 | G11: =A11 -> MSCI Emerging Markets | H11: ='Mark opt'!H11 -> -0.00033686116 | I11: ='Mark opt'!I11 -> -0.00051360836 | J11: ='Mark opt'!J11 -> -0.0004320099 | K11: ='Mark opt'!K11 -> -0.0019456008 | L11: ='Mark opt'!L11 -> 0.01493782 | M11: ='Mark opt'!M11 -> 0.019179196 | N11: ='Mark opt'!N11 -> 0.030464166 | O11: ='Mark opt'!O11 -> 0.028532455 | ... R11: ='Mark opt'!R11 -> 0.028302038 | T11: =A11 -> MSCI Emerging Markets | U11: ='Mark infra optim'!U11 -> 0 | V11: ='[4]Naive Strategy'!G11 -> #REF! | W11: ='Mark infra optim'!W11 -> 0 | Z11: =D11/SUM($D$8:$D$12) -> 0.2
A12: ='Mark opt'!A12 -> Opportunities | B12: =BL!C33 -> #DIV/0! | C12: ='Mark opt'!C12 -> 0.15358287 | D12: =1/11 -> 0.090909091 | G12: =A12 -> Opportunities | H12: ='Mark opt'!H12 -> -0.00026083404 | I12: ='Mark opt'!I12 -> -0.00054852013 | J12: ='Mark opt'!J12 -> -0.00066831916 | K12: ='Mark opt'!K12 -> -0.00055598841 | L12: ='Mark opt'!L12 -> 0.011378505 | M12: ='Mark opt'!M12 -> 0.011104224 | N12: ='Mark opt'!N12 -> 0.022943713 | O12: ='Mark opt'!O12 -> 0.023753384 | ... R12: ='Mark opt'!R12 -> 0.023587697 | T12: =A12 -> Opportunities | U12: ='Mark infra optim'!U12 -> 0 | V12: ='[4]Naive Strategy'!G12 -> #REF! | W12: ='Mark infra optim'!W12 -> 0 | Z12: =D12/SUM($D$8:$D$12) -> 0.2
A13: PORTFOLIO | B13: {=MMULT(TRANSPOSE(D2:D12),B2:B12)} -> #DIV/0! | C13: {=SQRT(MMULT(MMULT(TRANSPOSE(D2:D12),H2:R12),D2:D12))} -> 0.091042359 | D13: =SUM(D2:D12) -> 1
A15: 0.05
A16: Targeted Return (R*)
H19: Weights
A20: s | B20: E(r) | H20: {=TRANSPOSE(A2:A12)} -> Bofa ML Euro 0-1 anni | I20: Bofa ML Bond Euro 1-3 Y | J20: Bofa ML Obbl. Euro | K20: Bofa ML Obbl. Globale | L20: ML Global HY | M20: Bofa ML Obbl Emergente | N20: MSCI Europe | O20: MSCI North America | P20: MSCI Pacific | Q20: MSCI Emerging Markets | R20: Opportunities

Sheet VaR
B1: MSCI USA
A2: 36798 | B2: -0.039164314
A3: 36830 | B3: 0.033949053
A4: 36860 | B4: -0.10727781 | D4: Orizz Temp | E4: 1 mese | F4: 1 mese | G4: 1 mese
A5: 36889 | B5: -0.068175837 | D5: VaR(%) Sim Stor
A6: 36922 | B6: 0.037905878 | D6: ES (%) Sim Stor
A7: 36950 | B7: -0.084929463 | D7: Livello di Confidenza | E7: 0.99 | F7: 0.98 | G7: 0.95
A8: 36980 | B8: -0.019650904
A9: 37011 | B9: 0.072569669 | D9: Orizz Temp | E9: 1 mese | F9: 1 mese | G9: 1 mese
A10: 37042 | B10: 0.052997117 | D10: VaR(%) Var-Cov
A11: 37071 | B11: -0.022884934 | D11: Livello di Confidenza | E11: 0.99 | F11: 0.98 | G11: 0.95
A12: 37103 | B12: -0.04044337 | D12: k
A13: 37134 | B13: -0.10749228
A14: 37162 | B14: -0.073718509 | D14: Rend. Medio
A15: 37195 | B15: 0.024629324 | D15: Deviazione Standard
A16: 37225 | B16: 0.094501701
A17: 37256 | B17: 0.016060751
A18: 37287 | B18: 0.0059881764
A19: 37315 | B19: -0.021112625
A20: 37344 | B20: 0.028608983
A21: 37376 | B21: -0.094340084
A22: 37407 | B22: -0.047512768
A23: 37435 | B23: -0.13066405
A24: 37468 | B24: -0.053673179
A25: 37498 | B25: -0.00034866527
A26: 37529 | B26: -0.11527084
A27: 37560 | B27: 0.09039516
... A301: 45898 | B301: -0.0029724591

Sheet Optim-VaR
A1: ASSET CLASSES | B1: E(r) BL | C1: s | D1: Weights | G1: cov | H1: Bofa ML Euro 0-1 anni | I1: Bofa ML Bond Euro 1-3 Y | J1: Bofa ML Obbl. Euro | K1: Bofa ML Obbl. Globale | L1: ML Global HY | M1: Bofa ML Obbl Emergente | N1: MSCI Europe | O1: MSCI North America | P1: MSCI Pacific | Q1: MSCI Emerging Markets | R1: Opportunities | T1: Asset Class | U1: min | V1: MKT NEUTR HBA | W1: MAX
A2: ='BL + Infra Optim'!A2 -> Bofa ML Euro 0-1 anni | B2: ='BL + Infra Optim'!B2 -> #DIV/0! | C2: ='BL + Infra Optim'!C2 -> 0.0086802842 | D2: =1/11 -> 0.090909091 | G2: =A2 -> Bofa ML Euro 0-1 anni | H2: ='BL + Infra Optim'!H2 -> 7.5347334e-05 | I2: ='BL + Infra Optim'!I2 -> 8.4124644e-05 | J2: ='BL + Infra Optim'!J2 -> 8.3378228e-05 | K2: ='BL + Infra Optim'!K2 -> 7.1342985e-05 | L2: ='BL + Infra Optim'!L2 -> -0.00017397431 | M2: ='BL + Infra Optim'!M2 -> -6.1542754e-05 | N2: ='BL + Infra Optim'!N2 -> -0.00033207095 | O2: ='BL + Infra Optim'!O2 -> -0.00039257831 | ... R2: ='BL + Infra Optim'!R2 -> -0.00026083404 | T2: =A2 -> Bofa ML Euro 0-1 anni | U2: ='BL + Infra Optim'!U2 -> 0 | V2: ='BL + Infra Optim'!V2 -> #REF! | W2: ='BL + Infra Optim'!W2 -> 0 | Z2: =D2/SUM($D$2:$D$7) -> 0.16666667
A3: ='BL + Infra Optim'!A3 -> Bofa ML Bond Euro 1-3 Y | B3: ='BL + Infra Optim'!B3 -> #DIV/0! | C3: ='BL + Infra Optim'!C3 -> 0.016887831 | D3: =1/11 -> 0.090909091 | G3: =A3 -> Bofa ML Bond Euro 1-3 Y | H3: ='BL + Infra Optim'!H3 -> 8.4124644e-05 | I3: ='BL + Infra Optim'!I3 -> 0.00028519884 | J3: ='BL + Infra Optim'!J3 -> 0.00052850669 | K3: ='BL + Infra Optim'!K3 -> 0.000301066 | L3: ='BL + Infra Optim'!L3 -> -1.9639822e-06 | M3: ='BL + Infra Optim'!M3 -> 7.8226156e-05 | N3: ='BL + Infra Optim'!N3 -> -0.00044277805 | O3: ='BL + Infra Optim'!O3 -> -0.00057545911 | ... R3: ='BL + Infra Optim'!R3 -> -0.00054852013 | T3: =A3 -> Bofa ML Bond Euro 1-3 Y | U3: ='BL + Infra Optim'!U3 -> 0 | V3: ='BL + Infra Optim'!V3 -> #REF! | W3: ='BL + Infra Optim'!W3 -> 0 | Z3: =D3/SUM($D$2:$D$7) -> 0.16666667
A4: ='BL + Infra Optim'!A4 -> Bofa ML Obbl. Euro | B4: ='BL + Infra Optim'!B4 -> #DIV/0! | C4: ='BL + Infra Optim'!C4 -> 0.04168791 | D4: =1/11 -> 0.090909091 | G4: =A4 -> Bofa ML Obbl. Euro | H4: ='BL + Infra Optim'!H4 -> 8.3378228e-05 | I4: ='BL + Infra Optim'!I4 -> 0.00052850669 | J4: ='BL + Infra Optim'!J4 -> 0.0017378818 | K4: ='BL + Infra Optim'!K4 -> 0.0012112773 | L4: ='BL + Infra Optim'!L4 -> 0.00043922155 | M4: ='BL + Infra Optim'!M4 -> 0.00082645978 | N4: ='BL + Infra Optim'!N4 -> -0.00036330969 | O4: ='BL + Infra Optim'!O4 -> -0.00033697727 | ... R4: ='BL + Infra Optim'!R4 -> -0.00066831916 | T4: =A4 -> Bofa ML Obbl. Euro | U4: ='BL + Infra Optim'!U4 -> 0 | V4: ='BL + Infra Optim'!V4 -> #REF! | W4: ='BL + Infra Optim'!W4 -> 0 | Z4: =D4/SUM($D$2:$D$7) -> 0.16666667
A5: ='BL + Infra Optim'!A5 -> Bofa ML Obbl. Globale | B5: ='BL + Infra Optim'!B5 -> #DIV/0! | C5: ='BL + Infra Optim'!C5 -> 0.069174632 | D5: =1/11 -> 0.090909091 | G5: =A5 -> Bofa ML Obbl. Globale | H5: ='BL + Infra Optim'!H5 -> 7.1342985e-05 | I5: ='BL + Infra Optim'!I5 -> 0.000301066 | J5: ='BL + Infra Optim'!J5 -> 0.0012112773 | K5: ='BL + Infra Optim'!K5 -> 0.0047851297 | L5: ='BL + Infra Optim'!L5 -> 0.0023664839 | M5: ='BL + Infra Optim'!M5 -> 0.0025755328 | N5: ='BL + Infra Optim'!N5 -> -0.0023069931 | O5: ='BL + Infra Optim'!O5 -> 0.0008906135 | ... R5: ='BL + Infra Optim'!R5 -> -0.00055598841 | T5: =A5 -> Bofa ML Obbl. Globale | U5: ='BL + Infra Optim'!U5 -> 0 | V5: ='BL + Infra Optim'!V5 -> #REF! | W5: ='BL + Infra Optim'!W5 -> 0 | Z5: =D5/SUM($D$2:$D$7) -> 0.16666667
A6: ='BL + Infra Optim'!A6 -> ML Global HY | B6: ='BL + Infra Optim'!B6 -> #DIV/0! | C6: ='BL + Infra Optim'!C6 -> 0.11065841 | D6: =1/11 -> 0.090909091 | G6: =A6 -> ML Global HY | H6: ='BL + Infra Optim'!H6 -> -0.00017397431 | I6: ='BL + Infra Optim'!I6 -> -1.9639822e-06 | J6: ='BL + Infra Optim'!J6 -> 0.00043922155 | K6: ='BL + Infra Optim'!K6 -> 0.0023664839 | L6: ='BL + Infra Optim'!L6 -> 0.012245283 | M6: ='BL + Infra Optim'!M6 -> 0.00983592 | N6: ='BL + Infra Optim'!N6 -> 0.010775571 | O6: ='BL + Infra Optim'!O6 -> 0.012850416 | ... R6: ='BL + Infra Optim'!R6 -> 0.011378505 | T6: =A6 -> ML Global HY | U6: ='BL + Infra Optim'!U6 -> 0 | V6: ='BL + Infra Optim'!V6 -> #REF! | W6: ='BL + Infra Optim'!W6 -> 0 | Z6: =D6/SUM($D$2:$D$7) -> 0.16666667
A7: ='BL + Infra Optim'!A7 -> Bofa ML Obbl Emergente | B7: ='BL + Infra Optim'!B7 -> #DIV/0! | C7: ='BL + Infra Optim'!C7 -> 0.12718802 | D7: =1/11 -> 0.090909091 | G7: =A7 -> Bofa ML Obbl Emergente | H7: ='BL + Infra Optim'!H7 -> -6.1542754e-05 | I7: ='BL + Infra Optim'!I7 -> 7.8226156e-05 | J7: ='BL + Infra Optim'!J7 -> 0.00082645978 | K7: ='BL + Infra Optim'!K7 -> 0.0025755328 | L7: ='BL + Infra Optim'!L7 -> 0.00983592 | M7: ='BL + Infra Optim'!M7 -> 0.016176792 | N7: ='BL + Infra Optim'!N7 -> 0.010983252 | O7: ='BL + Infra Optim'!O7 -> 0.013100393 | ... R7: ='BL + Infra Optim'!R7 -> 0.011104224 | T7: =A7 -> Bofa ML Obbl Emergente | U7: ='BL + Infra Optim'!U7 -> 0 | V7: ='BL + Infra Optim'!V7 -> #REF! | W7: ='BL + Infra Optim'!W7 -> 0 | Z7: =D7/SUM($D$2:$D$7) -> 0.16666667
A8: ='BL + Infra Optim'!A8 -> MSCI Europe | B8: ='BL + Infra Optim'!B8 -> #DIV/0! | C8: ='BL + Infra Optim'!C8 -> 0.17527257 | D8: =1/11 -> 0.090909091 | G8: =A8 -> MSCI Europe | H8: ='BL + Infra Optim'!H8 -> -0.00033207095 | I8: ='BL + Infra Optim'!I8 -> -0.00044277805 | J8: ='BL + Infra Optim'!J8 -> -0.00036330969 | K8: ='BL + Infra Optim'!K8 -> -0.0023069931 | L8: ='BL + Infra Optim'!L8 -> 0.010775571 | M8: ='BL + Infra Optim'!M8 -> 0.010983252 | N8: ='BL + Infra Optim'!N8 -> 0.030720472 | O8: ='BL + Infra Optim'!O8 -> 0.024597742 | ... R8: ='BL + Infra Optim'!R8 -> 0.022943713 | T8: =A8 -> MSCI Europe | U8: ='BL + Infra Optim'!U8 -> 0 | V8: ='BL + Infra Optim'!V8 -> #REF! | W8: ='BL + Infra Optim'!W8 -> 0 | Z8: =D8/SUM($D$8:$D$12) -> 0.2
A9: ='BL + Infra Optim'!A9 -> MSCI North America | B9: ='BL + Infra Optim'!B9 -> #DIV/0! | C9: ='BL + Infra Optim'!C9 -> 0.178 | D9: =1/11 -> 0.090909091 | G9: =A9 -> MSCI North America | H9: ='BL + Infra Optim'!H9 -> -0.00039257831 | I9: ='BL + Infra Optim'!I9 -> -0.00057545911 | J9: ='BL + Infra Optim'!J9 -> -0.00033697727 | K9: ='BL + Infra Optim'!K9 -> 0.0008906135 | L9: ='BL + Infra Optim'!L9 -> 0.012850416 | M9: ='BL + Infra Optim'!M9 -> 0.013100393 | N9: ='BL + Infra Optim'!N9 -> 0.024597742 | O9: ='BL + Infra Optim'!O9 -> 0.031684 | ... R9: ='BL + Infra Optim'!R9 -> 0.023753384 | T9: =A9 -> MSCI North America | U9: ='BL + Infra Optim'!U9 -> 0 | V9: ='BL + Infra Optim'!V9 -> #REF! | W9: ='BL + Infra Optim'!W9 -> 0 | Z9: =D9/SUM($D$8:$D$12) -> 0.2
A10: ='BL + Infra Optim'!A10 -> MSCI Pacific | B10: ='BL + Infra Optim'!B10 -> #DIV/0! | C10: ='BL + Infra Optim'!C10 -> 0.18555431 | D10: =1/11 -> 0.090909091 | G10: =A10 -> MSCI Pacific | H10: ='BL + Infra Optim'!H10 -> -0.00034189094 | I10: ='BL + Infra Optim'!I10 -> -0.0002638948 | J10: ='BL + Infra Optim'!J10 -> -0.00023877628 | K10: ='BL + Infra Optim'!K10 -> 0.00028093602 | L10: ='BL + Infra Optim'!L10 -> 0.010944858 | M10: ='BL + Infra Optim'!M10 -> 0.012511455 | N10: ='BL + Infra Optim'!N10 -> 0.022749367 | O10: ='BL + Infra Optim'!O10 -> 0.022144246 | ... R10: ='BL + Infra Optim'!R10 -> 0.02169613 | T10: =A10 -> MSCI Pacific | U10: ='BL + Infra Optim'!U10 -> 0 | V10: ='BL + Infra Optim'!V10 -> #REF! | W10: ='BL + Infra Optim'!W10 -> 0 | Z10: =D10/SUM($D$8:$D$12) -> 0.2
A11: ='BL + Infra Optim'!A11 -> MSCI Emerging Markets | B11: ='BL + Infra Optim'!B11 -> #DIV/0! | C11: ='BL + Infra Optim'!C11 -> 0.23692683 | D11: =1/11 -> 0.090909091 | G11: =A11 -> MSCI Emerging Markets | H11: ='BL + Infra Optim'!H11 -> -0.00033686116 | I11: ='BL + Infra Optim'!I11 -> -0.00051360836 | J11: ='BL + Infra Optim'!J11 -> -0.0004320099 | K11: ='BL + Infra Optim'!K11 -> -0.0019456008 | L11: ='BL + Infra Optim'!L11 -> 0.01493782 | M11: ='BL + Infra Optim'!M11 -> 0.019179196 | N11: ='BL + Infra Optim'!N11 -> 0.030464166 | O11: ='BL + Infra Optim'!O11 -> 0.028532455 | ... R11: ='BL + Infra Optim'!R11 -> 0.028302038 | T11: =A11 -> MSCI Emerging Markets | U11: ='BL + Infra Optim'!U11 -> 0 | V11: ='BL + Infra Optim'!V11 -> #REF! | W11: ='BL + Infra Optim'!W11 -> 0 | Z11: =D11/SUM($D$8:$D$12) -> 0.2
A12: ='BL + Infra Optim'!A12 -> Opportunities | B12: ='BL + Infra Optim'!B12 -> #DIV/0! | C12: ='BL + Infra Optim'!C12 -> 0.15358287 | D12: =1/11 -> 0.090909091 | G12: =A12 -> Opportunities | H12: ='BL + Infra Optim'!H12 -> -0.00026083404 | I12: ='BL + Infra Optim'!I12 -> -0.00054852013 | J12: ='BL + Infra Optim'!J12 -> -0.00066831916 | K12: ='BL + Infra Optim'!K12 -> -0.00055598841 | L12: ='BL + Infra Optim'!L12 -> 0.011378505 | M12: ='BL + Infra Optim'!M12 -> 0.011104224 | N12: ='BL + Infra Optim'!N12 -> 0.022943713 | O12: ='BL + Infra Optim'!O12 -> 0.023753384 | ... R12: ='BL + Infra Optim'!R12 -> 0.023587697 | T12: =A12 -> Opportunities | U12: ='BL + Infra Optim'!U12 -> 0 | V12: ='BL + Infra Optim'!V12 -> #REF! | W12: ='BL + Infra Optim'!W12 -> 0 | Z12: =D12/SUM($D$8:$D$12) -> 0.2
A13: PORTFOLIO | B13: {=MMULT(TRANSPOSE(D2:D12),B2:B12)} -> #DIV/0! | C13: {=SQRT(MMULT(MMULT(TRANSPOSE(D2:D12),H2:R12),D2:D12))} -> 0.091042359 | D13: =SUM(D2:D12) -> 1
A17: Tolerated Annual Loss
A20: VaR 1yr (95%)

Sheet Tactical Optim
A1: ASSET CLASSES | B1: Rend att TATTICI | C1: s Tatt | D1: AAS | E1: AAT | F1: PESI Tatt- PESI Strat | P1: LB | Q1: AAS | R1: UB
A2: ='Mark infra optim'!A2 -> Bofa ML Euro 0-1 anni | O2: =A2 -> Bofa ML Euro 0-1 anni
A3: ='Mark infra optim'!A3 -> Bofa ML Bond Euro 1-3 Y | O3: =A3 -> Bofa ML Bond Euro 1-3 Y
A4: ='Mark infra optim'!A4 -> Bofa ML Obbl. Euro | O4: =A4 -> Bofa ML Obbl. Euro
A5: ='Mark infra optim'!A5 -> Bofa ML Obbl. Globale | O5: =A5 -> Bofa ML Obbl. Globale
A6: ='Mark infra optim'!A6 -> ML Global HY | O6: =A6 -> ML Global HY
A7: ='Mark infra optim'!A7 -> Bofa ML Obbl Emergente | O7: =A7 -> Bofa ML Obbl Emergente
A8: ='Mark infra optim'!A8 -> MSCI Europe | O8: =A8 -> MSCI Europe
A9: ='Mark infra optim'!A9 -> MSCI North America | O9: =A9 -> MSCI North America
A10: ='Mark infra optim'!A10 -> MSCI Pacific | O10: =A10 -> MSCI Pacific
A11: ='Mark infra optim'!A11 -> MSCI Emerging Markets | O11: =A11 -> MSCI Emerging Markets
A12: ='Mark infra optim'!A12 -> Opportunities | O12: =A12 -> Opportunities
A13: PORTAFOGLIO
O14: RISKY ASSETS | Q14: =SUM(E6:E12) -> 0
A15: Soglia di SIGMA
A17: E(R) strategico | B17: s STRAT
A31: RE-VAR (cl=95%)
A32: Soglia di ReVaR

Sheet Tactical Views
A1: Asset Class | B1: Fund Manager 1 | C1: Fund Manager 2 | D1: Fund Manager 3 | E1: View Finale
A2: Liquidità in € | B2: = | C2: - | D2: = | E2: = | F2: Neutrale
A3: Obbligazionario Globale | B3: = | C3: = | D3: - | E3: = | F3: Neutrale
A4: Obbligazionario Paesi Emergenti | B4: + | C4: + | D4: = | E4: + | F4: Positiva
A5: Obbligazionario Euro Corporate | B5: = | C5: = | D5: = | E5: = | F5: Neutrale
A6: Obbligazionario Globale High Yield | B6: + | C6: + | D6: + | E6: + | F6: Positiva
A7: Obbligazionario Euro BT | B7: - | C7: = | D7: = | E7: = | F7: Neutrale
A8: Obbligazionario Euro MLT | B8: - | C8: - | D8: = | E8: - | F8: Negativa
A9: Azionario Europa | B9: + | C9: = | D9: = | E9: = | F9: Neutrale
A10: Azionario Pacifico | B10: - | C10: - | D10: = | E10: - | F10: Negativa
A11: Azionario Paesi Emergenti | B11: + | C11: ++ | D11: = | E11: + | F11: Positiva
A12: Azionario Nord America | B12: = | C12: + | D12: = | E12: = | F12: Neutrale
A13: Flessibili Bassa Volatilità | B13: = | C13: + | D13: = | E13: = | F13: Neutrale
... A16: Opportunities | B16: = | C16: = | D16: = | E16: = | F16: Neutrale
A19: Macro Asset Class | B19: Fund Manager 1 | C19: Fund Manager 2 | D19: Fund Manager 3 | E19: View Finale
A20: Monetario | B20: - | C20: - | D20: = | E20: - | F20: Negativa
A21: Obbligazionario | B21: = | C21: = | D21: = | E21: = | F21: Neutrale
A22: Azionario | B22: + | C22: + | D22: = | E22: + | F22: Positiva
A23: Flessibili | B23: = | C23: + | D23: = | E23: = | F23: Neutrale
A24: Opportunities | B24: = | C24: = | D24: = | E24: = | F24: Neutrale
